Workbook
Name AE_CE_ROW: '[1]CE Developed Form 1AE'!$E$8
Name AESCOPE: '[1]CE Developed Form 1AE'!$B$27
Name air: #REF!
Name awet: #REF!
Name BMC: "Picture 1,Picture 2"
Name Capfin: #REF!
Name cb: #REF!
Name cbdp: #REF!
Name cc: #REF!
Name ccc: #REF!
Name cetrans: '[1]CE Developed Form 1AE'!#REF!
Name cex: #REF!
Name clerk: #REF!
Name coggsfm: #REF!
Name comp: #REF!
Name courts: #REF!
Name courtsfm: #REF!
Name cs: #REF!
Name dafm: #REF!
Name dasfm22: '[1]CE Developed Form 1AE'!$B$37
Name dasfmfmcoggs: #REF!
Name dasfmfmcourts: #REF!
Name DasFmFmCrts: #REF!
Name dasfmfmshrf: #REF!
Name dasimsd: #REF!
Name daspsb: #REF!
Name Data: #REF!
Name Database3: #REF!
Name DHHS: #REF!
Name dotdo: #REF!
Name eb: #REF!
Name ec: #REF!
Name ems: #REF!
Name ENVIRONMENT: #REF!
Name f: #REF!
Name fleet: #REF!
Name FLEET_CES: '[1]CE Developed Form 1AE'!#REF!
Name FLEET_UPDATED: '[1]CE Developed Form 1AE'!#REF!
Name hhs: #REF!
Name hr: #REF!
Name hwy: #REF!
Name HWY_CES: '[1]CE Developed Form 1AE'!#REF!
Name HWY_UPDATED: '[1]CE Developed Form 1AE'!#REF!
Name imsd: #REF!
Name IMSD_CE_PM: '[1]CE Developed Form 1IMSD'!$E$8
Name imsd1822: '[1]CE Developed Form 1IMSD'!$B$35
Name imsdscope: '[1]CE Developed Form 1IMSD'!$B$25
Name MAM: #REF!
Name marcus: #REF!
Name MCDOT_CE_PM: '[1]CE Developed Form 1MCDOT'!$E$7
Name MCDOT_CES_LIKS: '[1]CE Developed Form 1AE'!#REF!
Name mcdot1822: '[1]CE Developed Form 1MCDOT'!$B$33
Name mcdotscope: '[1]CE Developed Form 1MCDOT'!$B$23
Name mchs: #REF!
Name me: #REF!
Name medasfm: #REF!
Name prb: #REF!
Name proc: #REF!
Name Project_Col: #REF!
Name Project_Columns: #REF!

Sheet ADMIN
A1: Directions:
A2: *Items below are used to populate the SUMMARY REPORT tab. Do not change.
D4: Feeder Formulas:
A5: Capital REQ YEAR: | B5: =VALUE(RIGHT(E5,4)+1) -> 2027 | C5: <----------------- | D5: =TODAY() -> 46244 | E5: =TEXT(D5,"m,d,YYYY") -> 8,10,2026
A7: REQ Deadline to SBP: | B7: =TEXT(D7,"m,D") -> July 15th | C7: <----------------- | D7: July 15th
A10: *Items below MUST BE MANUALLY UPDATED:
A11: 1-Unhide and update the DATA DL_AIR and the DATA DL_NOAIR tabs
B12: ~Clear all data in the tabs as it will get new data pasted in from Step 2 below
A14: 2-Go the the Capital and IT SharePoint site and open the 3_EXCEL REPORTING TOOL.xlsm fle
B15: ~Unhide the PF_QUERY tab in that file, Copy the entire tab, then Past the entire tab into the DATA DL_AIR in this file
C16: ~Filter all NON AIRPORT projects and then delete those rows so that only AIRPORT projects remain
C17: ~Filter all WITHDRAWN BY DEPT (cell CZ) as YES, then delete those rows
B18: ~Unhide the PF_QUERY tab in that file, Copy the entire tab, then Past the entire tab into the DATA DL_NOAIR in this file
C19: ~Filter all AIRPORT projects and then delete those rows so that only NON-AIRPORT projects remain
C20: ~Filter all WITHDRAWN BY DEPT (cell CZ) as YES, then delete those rows
B21: ~REFRESH the pivot table in the SUMMARY REPORT tabs (AIR and NONAIR) in this file
C22: ~Make sure the $s in this pivot tables match the one in the 3_EXCEL REPORTING TOOL pivot table
B23: ~ Once completed, hide the PF_QUERY in the 3_EXCEL REPORTING TOOL.xlsm file.
B24: ~ Once completed, hide the DATA_DL tabs in this file
A26: 3-Refresh the SUMMARY REPORT tabs (AIR and NONAIR) pivot tables
A28: 4-Unhide the SUMMARY REPORT ALL LOOKUP_AIR tab and Refresh the pivot table; Follow any other directions in that tab, then HIDE the tab once updated
A30: 5-Unhide the SUMMARY REPORT ALL LOOKUP_NOAIR tab and Refresh the pivot table; Follow any other directions in that tab, then HIDE the tab once updated
A32: 6-Do a final REFRESH ALL to update all pivot tables in this file
A34: 7-Save File (to current SharePoint location) and close File

Sheet Summary Report_Non-Airport
A1: =CONCATENATE(ADMIN!B5," Capital Improvement Request Summary (includes updates from the originally submitted ",ADMIN!B7,"departmental requests)") -> 2027 Capital Improvement Request Summary (includes updates from the originally submitted July 15th departmental requests) | BP1: ='Summary Report ALL LOOKUP_NOAIR'!F13 -> YR 1 (2027)--Excluding AIRPORT | BW1: ='Summary Report ALL LOOKUP_NOAIR'!J13 -> YRS 2 - 5 (2028 - 2031)--Excluding Airport
BQ2: Prj Count | BR2: Bond | BS2: Cash | BT2: Non-County | BX2: Bond + Cash | BY2: Non-County
BP3: ALL PRJS: | BQ3: =_xlfn.XLOOKUP("grand total",'Summary Report ALL LOOKUP_NOAIR'!A:A,'Summary Report ALL LOOKUP_NOAIR'!E:E,"") -> 128 | BR3: =_xlfn.XLOOKUP("grand total",'Summary Report ALL LOOKUP_NOAIR'!A:A,'Summary Report ALL LOOKUP_NOAIR'!G:G,"") -> 947447851 | BS3: =_xlfn.XLOOKUP("grand total",'Summary Report ALL LOOKUP_NOAIR'!A:A,'Summary Report ALL LOOKUP_NOAIR'!H:H,"") -> 56028307 | BT3: =_xlfn.XLOOKUP("grand total",'Summary Report ALL LOOKUP_NOAIR'!A:A,'Summary Report ALL LOOKUP_NOAIR'!I:I,"") -> 34459777 | BW3: ALL PRJS: | BX3: =_xlfn.XLOOKUP("grand total",'Summary Report ALL LOOKUP_NOAIR'!A:A,'Summary Report ALL LOOKUP_NOAIR'!K:K,"") -> 232139378 | BY3: =_xlfn.XLOOKUP("grand total",'Summary Report ALL LOOKUP_NOAIR'!A:A,'Summary Report ALL LOOKUP_NOAIR'!L:L,"") -> 32343186
BP4: SELECTED PRJS: | BQ4: =_xlfn.XLOOKUP("grand total",'Summary Report_Non-Airport'!A:A,'Summary Report_Non-Airport'!G:G,"") -> 128 | BR4: =_xlfn.XLOOKUP("grand total",'Summary Report_Non-Airport'!A:A,'Summary Report_Non-Airport'!I:I,"") -> 947447851 | BS4: =_xlfn.XLOOKUP("grand total",'Summary Report_Non-Airport'!A:A,'Summary Report_Non-Airport'!J:J,"") -> 56028307 | BT4: =_xlfn.XLOOKUP("grand total",'Summary Report_Non-Airport'!A:A,'Summary Report_Non-Airport'!K:K,"") -> 34459777 | BW4: SELECTED PRJS: | BX4: =_xlfn.XLOOKUP("grand total",A:A,M:M,"") -> 232139378 | BY4: =_xlfn.XLOOKUP("grand total",'Summary Report_Non-Airport'!A:A,'Summary Report_Non-Airport'!N:N,"") -> 32343186
A5: Directions: | BP5: As a % of ALL PRJS: | BQ5: =IFERROR(BQ4/BQ3,0) -> 1 | BR5: =IFERROR(BR4/BR3,0) -> 1 | BS5: =IFERROR(BS4/BS3,0) -> 1 | BT5: =IFERROR(BT4/BT3,0) -> 1 | BW5: As a % of ALL PRJS: | BX5: =IFERROR(BX4/BX3,0) -> 1 | BY5: =IFERROR(BY4/BY3,0) -> 1
A6: *Use the REQUESTING ORG TITLE to select projects by Department
A7: *Use the SUPV DISTRICT to select projects by District
A8: *Use the MUNI to select projects by County Municipality
A9: *Click the filter icon on either table clear your selection(s) -----> | BP9: SBP: Set and keep slicer to "NO"
H13: =CONCATENATE("YR 1 (",ADMIN!B5,")") -> YR 1 (2027) | L13: =CONCATENATE("YRS 2 - 5 (",ADMIN!B5+1," - ",ADMIN!B5+4,")") -> YRS 2 - 5 (2028 - 2031)
G14: Values
A15: Requesting Org Title | B15: 8 Digit Subproject | C15: Sub-Project Title: | D15: Project Need/Justification | E15: YR 1 Scope | F15: Supv District | G15: # of Projects | H15: Total PROJ EXP | I15: County - BOND | J15: County - CASH | K15: Non-County REV | L15: YRS 2-5 Total PROJ EXP | M15: YRD 2-5 REV - County (All Cnty Sources) | N15: YRS 2-5 REV - Non-County
A16: CHARLES ALLIS | B16: WU050202 | C16: DEVELOPMENT AGREEMENT - CHARLES ALLIS DEFERRED MAINT - 2027 | D16: The 2024 Adopted Budget (Amendment 39) directed Department of Administrative Serviced (DAS) to explore opportunities to terminate the County’s ongoing operational and capital support for the Charles Allis Art Museum building (CA building). In May 2024, the DAS provided an informational report, File No. 24-470, on the CA and the Villa Terrace Decorative Arts Museum (VT building)., with a recommendation to pursue a Request for Information (RFI) to seek solutions for the two museums that reduced or eliminated the County’s operational and capital support of the museums. An RFI was completed, and the results presented to the Milwaukee County (County) Board of Supervisors (County Board) in September 2024 in action report File No. 24-767, which was adopted by the County Board and authorized DAS to pursue negotiations with the Charles Allis and Villa Terrace Museums, Inc. (CAVT) and Friends of Villa Terrace Decorative Arts Museum, Ltd. (FOVT) with the goal of reducing or eliminating the capital and operational support the County provides to the CA and VT buildings. Adopted County Board file #24-940 authorizes the DAS to enter into agreements with both organizations based on the Term Sheet attached to the File. The Term Sheet provide for the transfer of the buildings to the CAVT and the FOVT pursuant to each organization meeting specific requirements. As outlined in the resulting Agreements, the County provides operational and capital dollars to CAVT and FOVT, with required reporting and additional obligations, to allow for the successful transition of the buildings to each organization. Pursuant to agreement authority (referenced in #24-940), the CAVT recieves two annual County capital contributions of $250,000 in 2026 and $250,000 in 2027 (the “County Contribution”) to address deferred maintenance needs at the Charles Allis Art Museum. This capital project addresses the 2027 County capital contribution of $250,000 for the CA building. | E16: The scope of the project includes the annual County contribution pursuant to the Term Sheet approved by the County Board and County Executive in File 24-490 and the resulting Development Agreement between the County and CAVT. For 2027, a contribution of $250,000 is budgeted to address deferred maintenance needs at the CA building, focusing on health and safety, ADA accessibility compliance, protection of the art collection, and structural integrity, as identified by the County. CAVT may request reimbursement for eligible expenditures upon meeting all conditions outlined in the Development Agreement. To reflect completed improvements under the Agreement, the Office of Strategy, Budget, and Performance and the Office of the Comptroller are authorized to execute administrative appropriation transfers to create sub-projects within WU0502 and reallocate budget authority accordingly. | F16: SD03 | G16: 1 | H16: 250000 | I16: 0 | J16: 250000 | K16: 0 | L16: 0 | M16: 0 | N16: 0
A17: CHARLES ALLIS Total | G17: 1 | H17: 250000 | I17: 0 | J17: 250000 | K17: 0 | L17: 0 | M17: 0 | N17: 0
A18: CLERK | B18: WI022001 | C18: ELECTION EQUIPMENT REPLACEMENTS | D18: In 2015, Milwaukee County (County) and its municipalities entered joint agreements to reduce election programming costs, pool resources, and centralize programming under the Milwaukee County Election Commission. Centralization lowered costs, eased disputes, and standardized equipment, programming, ballot appearance, results reporting, and safeguarding of records and data. The 2015 Adopted Capital Budget appropriated $1,845,000 for new election systems and equipment. This multi-year project will replace aging election equipment and modernize County voting systems for the federal Election Assistance Commission’s (EAC) VVSG 2.0. Upgrading will let the County and municipalities retire obsolete technology, enhancing security, accessibility, efficiency, transparency, and compliance. Beginning the replacement in 2027 will keep elections secure, accessible, and efficient as we enter the 2028 Presidential cycle and strengthen public confidence in the democratic process. Election Equipment Modernization Multi-Year Plan: • 2027 – Phase out DS200 tabulators; purchase DS300 devices. • 2027 – Upgrade election management software, Electionware (v6070 to v6511). • 2027 – Vendor to provide free software/firmware upgrades for ExpressVote machines. • 2029 – Replace ExpressVote 2.0 (accessible ballot-marking devices) with ExpressVote 3.0 (398 machines; est. $2,070,000), including peripherals, implementation, installation, 1-year warranties, training, and support. • 2029/2030 – Continue use of high-speed tabulators by Milwaukee, West Allis, and Wauwatosa until full replacement is required. • 2030 – Complete full implementation and VVSG 2.0 compliance. | E18: Project scope includes the replacement of the current hardware inventory of DS200s (343 tabulators) including additional peripherals, implementation services, installation, 1-year hardware and software warranties, training, and support. Annual post-warranty licenses, maintenance, firmware, and support fees will cost $365 per year, per DS300 device. After the initial year, these fees will be the responsibility of each jurisdiction to be consistent with the annual fees structure for the current election equipment. | F18: SDCW | G18: 1 | H18: 2605390 | I18: 0 | J18: 2605390 | K18: 0 | L18: 2047970 | M18: 2047970 | N18: 0
A19: CLERK Total | G19: 1 | H19: 2605390 | I19: 0 | J19: 2605390 | K19: 0 | L19: 2047970 | M19: 2047970 | N19: 0
A20: COURTS | B20: WG004001 | C20: VEL PHILLIPS - SECURE COURTROOM (CHILDRENS COURT) | D20: Due to the increased number of serious cases being heard at the Vel Phillips Juvenile Justice Facility there has been an increase in safety risks as there is not a secure courtroom. The courtrooms are small and do not provide a (security) divide for the respective parties. Certain cases are also statutorily open to the public and media and the current courtrooms cannot appropriately accommodate these requirements. There has been an increase in safety and security incidents that have occurred in the courtrooms due to the inadequate space. The cases require more deputies to staff the cases and also be available to respond if/when an incident occurs. Without a secure courtroom, cases are being heard downtown in a secure courtroom which creates additional security and staffing concerns due to transportation. It also consumes more court resources and may slow down case processing to determine courtroom and calendar availability. Or, if the case is heard at Childrens Court additional staff are pulled form other assignments or are on call for any issues. Although not mandated, these areas should comply with Wisconsin Supreme Court Rule (SCR) 68, which outlines requirements for courtrooms (size, security, entrances, access, work stations, etc.). This project will help to bring these areas up to current standards reflected in SCR 68. | E20: The scope of work includes design and preconstruction activities for a Secure Courtroom at Vel Phillips. Considerations of design includes existing space available, building and court codes. Design will include new building space, parking lot modifications, bathrooms, etc. | F20: SD06 | G20: 1 | H20: 641510 | I20: 641510 | J20: 0 | K20: 0 | L20: 6529678 | M20: 6529678 | N20: 0
A21: COURTS Total | G21: 1 | H21: 641510 | I21: 641510 | J21: 0 | K21: 0 | L21: 6529678 | M21: 6529678 | N21: 0
A22: CRC (FORMERLY HOC) | B22: WJ011601 | C22: CRC POWERHOUSE WINDOWS | D22: The Powerhouse at the CRC was built in 1947. There are five windows that are 8ft wide by 12ft high, eight windows that are 5ft wide by 12ft high, and 1 window that is 4ft wide by 8 ft high. These structural windows are original to the building and are beyond their useful life. Some of the windows are starting to separate from the building which could cause structural issues to the building. This project should include replacing the windows with standard sizes and blocking up the rest of the area since such large windows are no longer needed. | E22: The scope of work includes construction of CRC's Powerhouse Building windows. This includes abatement of hazardous materials, demolition of deteriorated glazing block, removal and replacement of power-actuated ventilation dampers, replacement and patching of exterior masonry block, and replacement of the glazing system with new panel-glazing window systems. Includes protective parking barrier adject to window locations. | F22: SD09 | G22: 1 | H22: 403250 | I22: 403250 | J22: 0 | K22: 0 | L22: 0 | M22: 0 | N22: 0
A23: CRC (FORMERLY HOC) | B23: WJ012101 | C23: CRC 600 & 400 BED DORMITORY ROOF | D23: Community Reintegration Center (CRC) Roof Replacement Project: (The 600 & 400 Bed Dormitory Building roofs, covering approximately 120,100 square feet in total, were constructed in 1997 with an expected lifespan of 25 years) The roofs of the 600 & 400 Bed Dormitory Buildings located at the Community Reintegration Center (CRC) have reached the end of their 25-year lifespan, leading to significant deterioration and ongoing structural issues. Multiple leaks across various sections have resulted in interior damage, and temporary repairs have proven insufficient. The expansion joint covers, crucial for structural integrity, are damaged, rusting, or missing, further exacerbating the deterioration. With continued degradation posing risks to the building's functionality and safety, a full roof replacement is necessary to maintain the long-term integrity of the facility. Constructed in 1997, the roofs of the 600 & 400 Bed Dormitory Buildings at the CRC have surpassed their expected lifespan and now exhibit widespread failures in vent, base, corner, and curb flashing. These deficiencies have led to persistent leaks, impacting interior walls and ceiling tiles. Despite maintenance efforts, the roofing surface remains in a critically deteriorated condition. Additionally, damaged or missing expansion joint covers have compromised the facility’s ability to accommodate structural movement. Given the proven inadequacy of temporary repairs, a comprehensive roof replacement is required to prevent further damage and ensure the continued operation of the CRC. Scope includes a structural evaluation of the roof capacity for a potential solar array as recommend in the 2024 Milwaukee County Solar Feasibility Study. | E23: The scope of work includes the design and planning of CRC's 600 & 400 Bed Dormintory Roof. Design to be based on a complete roof tear off and replacement of the 120,100 square feet area. This includes replacing roof insulation with improved thermal performance, overflow scuppers, roof drains, guard rails where required and evaluation of structure for potential future solar array. | F23: SD09 | G23: 1 | H23: 347880 | I23: 347880 | J23: 0 | K23: 0 | L23: 7550000 | M23: 7550000 | N23: 0
A24: CRC (FORMERLY HOC) | B24: WJ012401 | C24: CRC BACK-UP GENERATOR REPLACEMENT | D24: The Community Reintegration Center's (CRC) emergency generator, a Kohler Model 750 ROZD Diesel fueled generator set rated at 750 KW 938 KVA at .8 PF 277/480 VAC 3 phase 4 wire 1127 amps 60hz, was installed in 1997. The life expectancy of the generator is approximately 20 years, and the generator is over 7 years beyond its useful life. On August 28, 2025, during the course of conducting a routine generator test, the motor ran erratically. Attempts to turn off the generator using both the control stop and the emergency stop failed causing the generator to continue running subsequently causing a catastrophic mechanical failure. Due to the nature of the CRC the facility, it needs to have a functioning generator should power ever go out. This was a 2026 emergency project submitted outside of the annual capital request process (which ended 7/15/25) and occurred after the final Capital Improvement Committee meeting (8/19/2025). It was funded as part of the 2026 Adopted Capital Budget. During the design and installation, it was discovered that a new placement area for the generator was needed as well as a new emergency connector box (to connect an emergency temporary generator if needed). This project will provide funding for emergency box scope of work. | E24: The scope of work include construction of the quick discconect socket / emergency connection box for the generator system. | F24: SD09 | G24: 1 | H24: 150000 | I24: 150000 | J24: 0 | K24: 0 | L24: 0 | M24: 0 | N24: 0
A25: CRC (FORMERLY HOC) | B25: WJ011001 | C25: CRC BOILER HOUSE REPAIR STRUCTURAL SLAB | D25: The concrete floor slab in the Building Link between the Boiler House and Main Facility is deteriorating, with localized failures and broader areas in poor condition. A cost-conscious repair approach (partial replacement and targeted repairs) can extend its service life but will require ongoing maintenance and monitoring due to continued exposure to moisture and chlorides, which may accelerate future deterioration. A more durable solutions is consider a full replacement for longer-term reliability. The two-story Building Link connecting the Milwaukee County Community Reintegration Center main facility and Boiler House lacks complete and consistent historical documentation, particularly for portions constructed or modified after the original 1946 drawings. As a result, there was uncertainty regarding as-built conditions, structural configuration, and modifications, especially on the east side and upper portions which complicated an accurate assessment of the existing structural slab, framing system, and associated building elements. As a result a professional engineer provided expert observations and recommendations including photos and probable cost estimates. | E25: The scope of work includes full replacement of the concrete structural slab between the boiler house and the main facility at the CRC. Work includes removal and replacement of the concrete slab; temporary and permanent utility relocations; removal and replacement of floor drains; installation of metal-faced insulation panels; excavation and backfilling at foundations; waterproofing at foundation edges; removal and replacement of the concrete apron; asphalt patching; and special testing and inspection services. Current available capital budget to be used to finalize design and any remaining money to be used for construction. | F25: SD09 | G25: 1 | H25: 1244430 | I25: 1244430 | J25: 0 | K25: 0 | L25: 0 | M25: 0 | N25: 0
A26: CRC (FORMERLY HOC) | B26: WJ011501 | C26: HOC CHILLERS REPAIRS (600 AND 400 FACS) | D26: An evaluation was completed to determine the best approach for replacing two aging 380-ton chillers and associated pumps. The decision is between installing new equipment in the existing sub-basement or constructing a new outdoor enclosure (garage) to house the system. Each option was assessed for cost, constructability, long-term performance, maintenance, and impact on staff working conditions. Both options require demolition of the existing equipment, which will be removed in sections due to its original installation. While the chillers have received targeted repairs and upgrades over time, key components are reaching the end of their useful life, making full replacement the most reliable long-term solution. Installing new equipment in the current location minimizes new construction but maintains challenges related to access, maintenance, and working conditions. Building a new exterior enclosure would improve accessibility, maintenance efficiency, and staff environment, but requires additional upfront investment. The 2022 Adopted Capital Budget included Design and Construction funding of $959,853 for this project. The 2027 additional funding is required in order to address both chillers. This analysis provides a clear basis for selecting the most cost-effective and sustainable option, balancing lifecycle cost, operational reliability, and workforce considerations. While several major components of the existing chillers have been repaired or replaced over time—including compressor renewals (2015), a compressor replacement (2018), control panel upgrades (2016), and starter refreshes (2021)—the compressors themselves are relatively new (4–7 years old). Based on manufacturer guidance, significant compressor upgrades would not typically be anticipated until approximately 2030–2033, barring unexpected failures. Additional HVAC system improvements at the facility include AHU and VAV box upgrades (2013) and earlier replacements of supporting components such as exhaust fans, steam condensate pumps, and HVAC motors (2004). | E26: The scope of work includes replacing the first and second chiller with new pump, motors, valves. Connect the new chillers into existing building automation system and existing chilled water piping. | F26: SD09 | G26: 1 | H26: 967670 | I26: 967670 | J26: 0 | K26: 0 | L26: 0 | M26: 0 | N26: 0
A27: CRC (FORMERLY HOC) Total | G27: 5 | H27: 3113230 | I27: 3113230 | J27: 0 | K27: 0 | L27: 7550000 | M27: 7550000 | N27: 0
A28: DAS-ENV | B28: WV004401 | C28: MITCHELL PARK LIFT STATION UPGRADE | D28: The Mitchell Park sanitary lift station located at Mitchell Park was installed in the 1950s, was upgraded in 1996, and has reached the end of its serviceable life. The typical useful life is 30 years. The Department of Parks, Recreation and Culture has identified the lift station as needing replacement due to an aging electrical feed and discharge pipng, which is the original piping. The associated clay sewers from the pavilion and pool building are cracked and there lots tree roots and groundwater infiltrairon in the ejector pit. Staff has also experience issues with the pumps and check valves. The lift station should be replaced prior to failure to avoid a discontinuation of sanitary services and the closure of facilities and potential loss of revenue. This project includes replacement of the force main. | E28: The scope of work includes design of a new sanitary lift station and forcemain and the abandonment of the old system for the Mitchell Park Pavilion. The design will include the creation of construction plans, specifications and a construction estimate. The design would include necessary electrical, alarms, control panels, manholes, and landscaping. | F28: SD12 | G28: 1 | H28: 131710 | I28: 131710 | J28: 0 | K28: 0 | L28: 1300000 | M28: 1300000 | N28: 0
A29: DAS-ENV | B29: WV006101 | C29: COUNTY-WIDE SANITARY SEWERS REPAIRS - 2027 | D29: In August 2004, the County received a Notice of Violation/Notice of Claim from the WDNR stating that they believed Milwaukee County to be in violation of the general permit for “Bypasses or Overflows from Sewage Collection Systems (WI-0047341-03). In January 2005 ,the County (as one of 28 defendants) received a proposed stipulated settlement from the State Attorney General’s office requiring specific actions from the defendants. As a member of the MMSD-Technical Advisory Team (TAT), the County worked with representatives from the other communities to create a stipulated settlement agreement (agreement) that was issued in 2006. The agreement directed municipalities to improve the condition of their sanitary sewer facilities in order to minimize the inflow and infiltration of clear water into the sanitary sewer system. A reduction of clear water in the system reduces the volume of sewage that needs to be treated and reduces the possibility of sewer backups and overflows. The agreement requires continued evaluation and inspection of the sanitary sewer manholes on a five-year cycle. To support this effort, approximately 10% of the sanitary sewer pipes and 20% of the sanitary sewer manholes are inspected annually. Even after the condition of the County's sanitary sewer facilities had been elevated to an acceptable condition, the stipulated agreement with the DOJ & WDNR requires continued evaluation/inspection of the sanitary sewer system every 5 years. This includes inspection of manholes, lift stations and televising sanitary sewer pipes, which may identify additional sanitary system pipe rehabilitation needs. Deficiencies in the sanitary sewer system are required to be corrected within 18 months from when they are identified per NR 208 and the WPDES permit. | E29: The scope of work is based on sanitary sewer field inspections (including televising sewer pipes). This will be reviewed to compile a list of deficiencies to be completed within 18 months per NR 208 and WPDES permit. Anticipated scope of work includes restoring manholes by fixing chimneys or bringing low manholes to grade, replacing manhole structures; pipe-related work including CIPP lining, Grouting, Root Cutting and partial or complete replacements. With respect to sustainability and energy efficiency, continuous efforts to keep clear water of the sewer will reduce the overall amount of pumping that lift stations will have to perform and therefore save on the amount of electricity used. | F29: SDCW | G29: 1 | H29: 270280 | I29: 0 | J29: 270280 | K29: 0 | L29: 0 | M29: 0 | N29: 0
A30: DAS-ENV Total | G30: 2 | H30: 401990 | I30: 131710 | J30: 270280 | K30: 0 | L30: 1300000 | M30: 1300000 | N30: 0
A31: DAS-FMD | B31: WD020201 | C31: WIL-O-WAY UNDERWOOD - NEW SPLASH PAD | D31: Milwaukee County sponsors recreational activities designed for people with disabilities at two facilities located in County Parks in South Milwaukee and Wauwatosa known as the Wil-O-Way Recreation Centers. These programs operate during the spring, summer, and fall seasons, and Wil-O-Way Grant also hosts a six-week youth summer camp that provides valuable respite for families of children with disabilities. The Wil-O-Way Underwood facility currently includes a wading pool that uses a diatomaceous earth filtration system. This system requires dedicated staff to operate and maintain, including monitoring water quality and ensuring user safety. In addition, diatomaceous earth poses potential respiratory health risks if inhaled, requiring strict handling procedures and personal protective equipment. The existing wading pool also presents accessibility and usability challenges. The area provides minimal shade, creating health concerns for users with limited mobility or those taking medications that require reduced sun exposure. Furthermore, individuals with physical disabilities cannot independently access or fully participate in the pool experience, as they must be physically assisted into the water and remain largely immobile once inside. To address these concerns, the Office for Persons with Disabilities (OPD) has developed a fully accessible, lower-maintenance splash pad design to replace the existing wading pool. The splash pad is designed for inclusive use, allowing individuals of all abilities to independently activate and engage with water features. The design incorporates a “flow-through” system, where potable water is sprayed and drained directly into the storm sewer. This eliminates the need for filtration systems, reduces operational complexity, and removes the health risks associated with diatomaceous earth. It also allows the splash pad to be activated on demand, ensuring availability during the more than 50 community events hosted annually at Wil-O-Way Underwood. Design for the project is now complete. Milwaukee County previously allocated $31,000 in the 2024 Adopted Capital Budget for design, and construction documents are finalized. The project is ready to proceed immediately upon receipt of construction funding. Funding is now requested to support construction of the Wil-O-Way Underwood accessible splash pad, advancing Milwaukee County’s commitment to equitable, inclusive, and safe recreational opportunities for individuals with disabilities. | E31: The scope of work includes construction to convert existing WOW Underwood wading pool into a ADA accessible splash pad. ADA consideration for path to and from splash pad. Water main to be replaced with larger pipe for addition water needs, fences, seating, controls and splash pad accessories. | F31: SD06 | G31: 1 | H31: 1219260 | I31: 1219260 | J31: 0 | K31: 0 | L31: 0 | M31: 0 | N31: 0
A32: DAS-FMD | B32: WG003701 | C32: FACILITIES WEST (LAPHAM) ROOF REPLACEMENT | D32: The facility was constructed in three phases. The original south section was built in 1967, followed by a northern addition in 1970, and a second northern addition completed in 1973. Milwaukee County acquired the building around 2012. The roof at Facilities West (Lapham) has reached the end of its useful life. During weather events in February 2023, including ice and rain, the roof experienced significant leaks that caused damage to interior finishes and furniture. This disruption impacted tenant operations—including those of the Milwaukee County Department of Transportation—for nearly one month. The Milwaukee County Historical Society (MCHS), founded in 1935, is dedicated to collecting, preserving, and sharing the history of Milwaukee County. Currently, MCHS leases the majority of the Facilities West (Lapham) building for storage purposes, supporting its mission to safeguard historical materials and collections. Given the age of the existing roof and the risk it poses to both tenant operations and the preservation of historical materials, replacement is necessary. Installation of a new energy-efficient roofing system with a 20–30 year lifecycle is recommended to ensure long-term performance, protect building contents, and minimize future operational disruptions. | E32: The scope of work includes assessing and creating design for tear-off and complete roof replacement for Facities West (Lapham) building. Assesses and design possible ancillary systems such as identifying roof drainage, future scuppers, aluminum edges, access, railing, etc. Assumes HVAC is out of scope. | F32: SD16 | G32: 1 | H32: 205340 | I32: 205340 | J32: 0 | K32: 0 | L32: 2750000 | M32: 2750000 | N32: 0
A33: DAS-FMD | B33: WC028901 | C33: CJF 102 AND 110 - SAFETY PARTITIONS | D33: Public-facing transaction areas in the Criminal Justice Facility (CJF) currently lack consistent safety and security features, creating risks for staff and the public. Many locations do not have adequate barriers, access controls, or emergency systems, leaving employees vulnerable during interactions with individuals who may be experiencing heightened stress or navigating sensitive situations. This project proposes standardized safety upgrades across high-risk service points, including installation of partitions, secure doors, reinforced transaction openings, panic buttons, and electronic access controls. These improvements are necessary to enhance workplace safety, establish consistent security standards, and reduce the County’s liability exposure. Scope includes: -CJF Room 110 (District Attorney Central Reception) -CJF Room 102 (Sensitive Crimes Unit) | E33: The scope of work includes design and construction of safety partitions in CJF 110 and CJF 102. Certain areas may include doors, transaction windows, panic buttons and access controls. Design and construction: Project addresses potential life-safety issues. Project requires non intensive design and involves mostly trades work. Minimal project risk/unknowns/ budget cost issues and/or project delays as defined in the cost estimate. | F33: SD13 | G33: 1 | H33: 330710 | I33: 0 | J33: 330710 | K33: 0 | L33: 0 | M33: 0 | N33: 0
A34: DAS-FMD | B34: WG004201 | C34: VEL PHILIPS - HVAC | D34: The Vel Phillips facility operates 24/7, making a reliable building automation system (BAS) and HVAC controls critical to maintaining safe and comfortable conditions. However, the building’s 20–25-year-old control system has exceeded its useful life and no longer functions effectively due to outdated, unsupported technology. As a result, more than half of the facility is forced to operate at full capacity because control components cannot communicate properly, leading to poor temperature regulation, significant energy inefficiency, and increased operating costs. The existing controllers run on Windows Embedded Standard (WES) 2009, which reached end-of-support in 2019. This prevents system upgrades and significantly increases the risk of system failure. A new controls system, currently in design for 2026, is essential to restoring full HVAC functionality, improving energy performance, and enabling future modernization. In addition, critical control components—including dampers, pumps, and smoke dampers—are deteriorated or nonfunctional due to aging controls infrastructure. These conditions create safety concerns and increase maintenance demands. The building also experiences significant temperature inconsistencies, particularly in perimeter zones. Comprehensive BAS and controls upgrades—including modernized control systems, replacement of failing control components, and improved perimeter temperature control—are necessary to enhance reliability, ensure safety, reduce long-term operating costs, and maintain a stable and comfortable environment for occupants. | E34: The scope of work includes construction of HVAC controls. These controls includes air handler units (AHU's), water system, utilities meter, VAVs / thermostats, boilers, building management system (BMS), fire protection controls. Work includes demo and all wiring necessary to connect controls. The Vel Phillips Building Automation System (BAS) and controls will be upgraded with the intent of replacing old pneumatics and obsolete control devices. | F34: SD06 | G34: 1 | H34: 4153180 | I34: 4153180 | J34: 0 | K34: 0 | L34: 6750000 | M34: 6750000 | N34: 0
A35: DAS-FMD | B35: WS015201 | C35: CLINTON ROSE SR. CENTER CHILLER | D35: The existing chiller is approximately 30 years old and has exceeded its expected useful life of 20 years. Due to the age of the equipment and declining reliability, Department of Administration – Facilities Management Division staff have increased the maintenance frequency in order to keep the unit operational. Despite these efforts, the risk of system failure continues to increase. In addition, replacement parts for the existing chiller are becoming increasingly difficult to obtain as many components have been discontinued by the manufacturer. This has resulted in longer repair times, increased maintenance costs, and greater vulnerability to extended system outages. Failure of the chiller would significantly impact building operations by eliminating the facility’s ability to provide adequate cooling for our aging occupants and critical building systems. Replacing the existing unit will improve system reliability, reduce ongoing maintenance costs, and ensure continued operation of the facility’s cooling infrastructure. For these reasons, replacement of the aging chiller is recommended as a capital investment to maintain reliable building operations and prevent unplanned service disruptions. | E35: The scope of work includes replacement of the 20 year old water cooled chiller at Clinton Rose Sr. Center. The existing chiller is 100-ton water-cooled with a cooling tower on the roof. This will be replaced with a 90-ton Trane CGAM air-cooled scroll chiller on a concrete pad on the west side of the building. There will be fencing and bollards for chiller protection and security. This also includes electrical, controls, site work, and abatement. | F35: SD13 | G35: 1 | H35: 982650 | I35: 982650 | J35: 0 | K35: 0 | L35: 0 | M35: 0 | N35: 0
A36: DAS-FMD | B36: WS014406 | C36: SR CENTERS - FIRE PROTECTION SYS | D36: The primary need for this project is the replacement of obsolete fire alarm systems at three Milwaukee County senior centers: Clinton Rose, Wilson Park and Washington Park Senior Centers. Existing systems have exceeded their useful life and may not reliably communicate alarm conditions throughout the buildings or to emergency monitoring services. The severity of this issue is high, as unreliable fire alarm systems pose a direct life safety risk to occupants, particularly older adults who may require additional time and assistance during an emergency. Failure or delay in alarm notification could result in increased risk of injury, loss of life, and property damage. The absence of fire suppression in higher-risk areas further increases the potential for fire escalation. This project supports compliance with applicable fire and life safety codes, including NFPA standards and state/local regulations. Upgrading these systems fulfills the department’s core function of providing safe, accessible facilities and ensures continuity of essential senior services while reducing liability and risk of service disruption. The scope of work includes construction and installation to upgrade the obsolete fire protection system for three senior centers. McGovern and Kelly Senior Centers are outside the scope of this request. | E36: The scope of work includes upgrade to the fire protection systems for Washington, Wilson, and Rose Sr. Centers. Existing fire alarms, wiring, controls, etc. to be demoed and replaced. | F36: SDCW | G36: 1 | H36: 945660 | I36: 945660 | J36: 0 | K36: 0 | L36: 0 | M36: 0 | N36: 0
A37: DAS-FMD | B37: WS014506 | C37: SECURITY SYS UPGRADES | D37: This project provides security camera systems and exterior security lighting enhancements at Clinton Rose Senior Center. Providing these systems will improve building safety, protect County assets (including the new ~$4 million ARPA funds), and provide modern monitoring and access control capabilities. A comprehensive security assessment has been completed during the design phase to determine final equipment types, quantities, and locations. Based on current planning assumptions, the project will include installation of select intruction detection devices, CCTV surveillance systems and exterior lighting improvements. In 2026 electronic access control card readers are to be installed at the front entrance, side etrance, and the IT room. Video surveillance systems will include cameras positioned to monitor building exteriors, monitoring stations, viewing equipment, and on-site storage for video recordings. Exterior lighting will be installed or replaced as needed to support safe site conditions and effective camera visibility. Access control systems will include card readers and associated hardware to control building entry points. McGovern. Kelly, Washington, and Wilson Senior Centers are outside the scope of this request. Washington and Wilson may be an out year separate request. | E37: The scope of work is to provide and install video surveillance systems at Clinton Rose Senior Center, including cameras positioned to monitor building exteriors, monitoring stations, viewing equipment, and storage for video recordings. Exterior lighting will be installed or replaced as needed to support safe site conditions and effective camera visibility. | F37: SDCW | G37: 1 | H37: 247970 | I37: 0 | J37: 247970 | K37: 0 | L37: 510000 | M37: 510000 | N37: 0
A38: DAS-FMD | B38: WC029601 | C38: CJF - AUTOMATIC TRANSFER SWITCHES | D38: The Automatic Transfer Switches (ATS) serving the CJF facility have exceeded their expected service life and require replacement to maintain reliable emergency power operations. ATS equipment is a critical component of the building’s electrical infrastructure, responsible for automatically transferring electrical loads from the normal utility source to emergency generator power during a power outage. These transfer switches support essential building systems including elevators, UPS systems, and other life-safety equipment. Reliable operation of this equipment is necessary to ensure safe building evacuation, maintain critical operations, and support emergency response during power disruptions. The typical life expectancy of an Automatic Transfer Switch is approximately 30 years. The existing units were installed when the CJF building was constructed in 1992 and are now more than 34 years old, exceeding their recommended operational lifespan. As equipment ages, the likelihood of mechanical failure, delayed transfer, or inability to transfer to emergency power increases. Failure of the ATS during a utility outage could prevent emergency power from reaching critical systems, creating a significant life-safety risk and operational disruption. Funding is requested to replace the existing ATS units with modern equipment that meets current electrical standards and reliability expectations. Newer models offer improved safety features, enhanced system monitoring, greater reliability, and better compatibility with modern emergency power systems. Replacement will reduce the risk of failure, ensure continued compliance with life-safety requirements, and support dependable operation of critical building infrastructure. Investing in replacement now is a proactive measure to mitigate risk, maintain safe building operations, and ensure the CJF facility continues to meet emergency power reliability standards. Replacing the existing ATS units with modern equipment would improve reliability and ensure continued support for emergency power distribution. Newer models also offer enhanced safety features, improved energy efficiency, and better compatibility with modern electrical systems. | E38: The scope includes evaluation and design of CJF's automatic transfer switches of essential and standby emergency systems, including. This will evaluate and incorporate, if needed, adding temporary power for switch transfer emergency generator needs to come back on after power outage. | F38: SD13 | G38: 1 | H38: 39560 | I38: 0 | J38: 39560 | K38: 0 | L38: 355000 | M38: 355000 | N38: 0
A39: DAS-FMD | B39: WG004401 | C39: VEL PHILLIPS - WATER SYSTEM | D39: The plumbing infrastructure at the Vel Phillips Facility, including showers, faucets, and flush valves, is over 30 years old. These outdated fixtures are prone to failure, difficult to maintain, and costly to repair due to limited availability of replacement parts. The domestic hot water system is currently maintained at approximately 110°F, a temperature range that can support the growth of Legionella bacteria, creating a potential health and safety risk for staff and building occupants. Operating a hot water system under conditions conducive to bacterial growth presents a liability concern for the facility. Current industry guidance and best practices emphasize maintaining hot water systems and controls that minimize conditions favorable to Legionella proliferation, ensuring safe water delivery and reducing facility risk. Upgrading to a modern water fixture control system and engaging a licensed Plumbing Engineer to evaluate and optimize the domestic hot water system—including circulation, mixing valves, and overall design—will improve operational efficiency, enhance water safety, reduce maintenance and utility costs, and provide reliable, consistent service. This project is necessary to safeguard public health, reduce facility risk, and strengthen overall operational performance and efficiency. | E39: The scope of work includes investigation and design to upgrade Vel Phillips’ domestic hot water system for safety and efficiency to support a safe water temperature. This design may include water fixtures, the control system, intake, supply tank, mixing, etc. | F39: SD06 | G39: 1 | H39: 95910 | I39: 0 | J39: 95910 | K39: 0 | L39: 583510 | M39: 583510 | N39: 0
A40: DAS-FMD | B40: WG004501 | C40: FACILITIES WEST (LAPHAM) - PARKING LOT | D40: The Facilities Management West property at 10930 was acquired by the County in 2013 and the parking lot has not been updated or rehabilitated since that time. Facilities Management Division (FMD) has tried the installation of small hot-mix asphalt patches to address localized failures. Due to environmental conditions related to contamination from the previous property owner, state regulations require the County to maintain the existing parking lot as an impermeable cap over the contained area. Maintaining the integrity of the paved surface is therefore necessary to remain compliant with environmental requirements. The parking lot is now beyond its useful service life. The pavement has deteriorated significantly, creating uneven surfaces and trip hazards for staff and visitors. Multiple sections have failed, resulting in standing water and areas that freeze during winter months. These conditions present safety risks and make portions of the lot unusable for parking. Given the current condition and regulatory requirements, full reconstruction of the parking lot is necessary to restore safe operations and maintain the required environmental cap. | E40: The scope of work includes reconstruction of Facilities 10930 West Lapham’s parking lot ~40,000 SF, loading dock ramps, abandoning combined sewer inlets and new storm sewer. The existing asphalt parking lot would require a mix of full depth replacement, HMA over Base Aggregate. Loading docks will be reconstructed in concrete. Parking lot unable to be repaired due to condition. Construction based design % due to safety concerns and WDNR requirements. | F40: SD16 | G40: 1 | H40: 941910 | I40: 941910 | J40: 0 | K40: 0 | L40: 0 | M40: 0 | N40: 0
A41: DAS-FMD | B41: WS015801 | C41: SR CENTERS - WILSON SIDING | D41: The current exterior finish has exceeded its useful life expectancy and is showing significant deterioration. As a result, weather infiltration and intrusion by local wildlife are beginning to impact the building envelope. These conditions compromise the building’s energy efficiency, structural protection, and overall functionality. The proposed project will remove the deteriorated siding and replace it with modern engineered exterior siding systems designed to provide improved durability, weather resistance, and thermal performance. The existing stone siding will remain in place, while all other siding will be removed and replaced. New siding materials will better seal the building envelope, preventing wildlife intrusion and reducing air infiltration. These improvements will enhance insulation performance, maintain more consistent interior temperatures, and improve occupant comfort while reducing energy consumption and operating costs. Project scope includes removal and replacement of non-stone exterior siding with engineered siding materials, installation of new insulation and sheathing in areas where siding is removed, and replacement of soffit and fascia. Exposed gable beams will be wrapped in aluminum to improve weather protection and reduce ongoing maintenance requirements. The project also includes replacement of the greenhouse glazing located on the south side of the building. These improvements will restore the integrity of the building envelope, extend the service life of the facility, improve energy efficiency, and ensure a safe and functional environment for our vulnerable senior occupants. | E41: The scope of work includes completion of design as well as construction. Remove all existing siding and replace. Wrap exposed gable beams and fascia board in sheet metal for weatherproofing and maintenance. Install new insulation, air/water/vapor barrier and for all areas where the existing siding is being removed. Install new metal soffit panels at all overhands. Existing stone siding to remain. Includes alternate to replace glazing on south atrium space. Design and construction: Project at 60% design, requires non intensive design, and involves mostly trades work. Minimal project risk/unknowns with low probability of budget cost issues and/or project delays as defined in the cost estimate. | F41: SD04 | G41: 1 | H41: 420310 | I41: 420310 | J41: 0 | K41: 0 | L41: 0 | M41: 0 | N41: 0
A42: DAS-FMD | B42: WS016001 | C42: SR CENTERS - WASHINGTON IMPROVEMENTS | D42: Windows and doors at the Washington Senior Center have deteriorated due to rotting framing, causing portions of the systems to sink vertically and create large gaps at the tops of the assemblies. These openings allow insects, dust, pollen, and outside air to enter the building, posing health risks to the facility’s high-risk, elderly occupants who are particularly vulnerable to respiratory irritants and temperature fluctuations. The failing window and door systems also contribute to significant air infiltration, increasing the demand on the building’s HVAC system. At times, the system cannot keep up with heating and cooling demands, resulting in inconsistent indoor temperatures that can negatively affect the comfort and well-being of elderly residents. Facilities Management Division (FMD) staff have previously attempted to repair broken windows and address the gaps. However, investigations determined that the aluminum-clad wooden window trim traps moisture, leading to ongoing deterioration and rot within the framing. Attempts to seal the gaps with caulking have been ineffective, as the openings have continued to expand beyond what caulking can reasonably address. This project will replace the deteriorated window and door systems with modern, durable assemblies that restore the integrity of the building envelope. The replacement will reduce air infiltration, improve indoor air quality, and enhance comfort and safety for the vulnerable elderly occupants. Additionally, the project will reduce strain on the HVAC system, improve energy efficiency, and lower utility costs, ensuring a safer and more functional environment for all building residents. | E42: The scope of work includes design and construction to replace all of the windows and main entrance doors at Washington Park Sr. Center with aluminum storefront units. Alternate to include replacement of all steel door units replaced in 2008. Includes hinges, stills, framing, trim, hardware, finishes, etc. The doors are to be ADA compliant. Main entrance doors to be automatic sliding units for increased accessibility. Design and construction: Project at 60% design, requires non intensive design, and involves mostly trades work. Minimal project risk/unknowns with low probability of budget cost issues and/or project delays as defined in the cost estimate. | F42: SD15 | G42: 1 | H42: 968300 | I42: 968300 | J42: 0 | K42: 0 | L42: 0 | M42: 0 | N42: 0
... A51: DAS-FMD | B51: WC027602 | C51: IJCC - COURTHOUSE COMPLEX OWNER CONSTRUCTION | D51: The existing Public Safety Building does not meet current design standards for courtroom facilities (including separate paths of travel for the various users of the facility), has an extensive list of deferred maintenance needs, and currently has significant underutilized space. Current planning efforts for replacement of the Public Safety Building has been underway in a phased approach since 2015 (see previous capital project WC0148). The current project scope includes planning, design and construction efforts to facilitate demolition of the existing Public Safety Building, construction of a new Courthouse in the same footprint, related enabling phase renovations and system improvements and modernization of the Historic Courthouse, relocation of staff and court functions to renovated office space within the Historic Courthouse or to off-site leased spaces prior to demolition of the Public Safety Building and construction of the new Courthouse, and move back to the new Courthouse and renovated areas of the Historic Courthouse upon completion of the new Courthouse. The Office of the Comptroller and the Office of Strategy, Budget, and Performance are authorized to process an administrative appropriation transfer of approximately $700,000 to reallocate budgets within Capital Project WC0276 – Investing in Justice Courthouse Complex, so that the budgets continue to reflect actual expenditures and encumbrances. | E51: The scope of work includes continued planning and design and project coordination, including but not limited to advancing planning and design for new building, renovations to Historic Courthouse for enabling phase space, leasing of off-site leased space, demolition of the existing Public Safety Building. Relocation of select staff and functions out of the Historic Courthouse and Public Safety Building. | F51: SD13 | G51: 1 | H51: 857948000 | I51: 842128000 | J51: 15820000 | K51: 0 | L51: 0 | M51: 0 | N51: 0
A52: DAS-FMD Total | G52: 21 | H52: 872558910 | I52: 852248210 | J52: 20310700 | K52: 0 | L52: 22657190 | M52: 22657190 | N52: 0
A53: DOT-DIR OFFC | B53: WO066101 | C53: TRAFFIC SAFETY - SS4A INVESTING IN VISON ZERO FOR ALL | D53: MCDOT was the lead applicant for a multijurisdictional application for the FY25 Safe Streets and Roads for All (SS4A) Implementation Grant, which will support implementation projects and provide supplemental planning funding for additional activities. On December 23, 2025, Milwaukee County was informed that the County was selected for an award of $24,919,360.00 in Federal funding—the third-highest award amount in the nation. This award will be used by the Milwaukee County Department of Transportation, and the five other municipalities involved with the request, to install layered safety countermeasures on ten Corridors of Concern to calm traffic speeds, improve vulnerable roadway user safety and reduce fatal and serious injury crashes. Work includes pedestrian infrastructure upgrades such as high-visibility crosswalks, leading pedestrian intervals, restricting right-turn-on-red, and sidewalk infill. It also includes intersection upgrades such as signal upgrades, daylighting, bump-outs, and select geometric realignments. Between 2018 and 2022, the County averaged 79 fatalities and 464 fatal or serious injury (KSI) crashes, with over half of KSI crashes on just 11% of the network. Projects align with FHWA’s Proven Safety Countermeasures and are expected to cut fatal and serious injury crashes by 26–50% and deliver substantial crash cost savings over the next 20 years. This project includes Planning and Demonstration Grant funds to conduct supplemental planning activities: a W. Lincoln Avenue safety study between S. 124th Street and S. 51st Street in West Allis (25 FSI and over 300 injury crashes in 2018–2022) and a “Road to Vision Zero” progress report through 2027 for the entirety of Milwaukee County. | E53: The scope of work for year one includes finalizing the grant agreements, taking an inventory and/or survey of all the areas being considered for the project, and finalizing the preliminary designs for the projects. Public engagement will also begin during this phase but will not be final. | F53: SDCW | G53: 1 | H53: 25510075 | I53: 0 | J53: 590715 | K53: 24919360 | L53: 0 | M53: 0 | N53: 0
A54: DOT-DIR OFFC Total | G54: 1 | H54: 25510075 | I54: 0 | J54: 590715 | K54: 24919360 | L54: 0 | M54: 0 | N54: 0
A55: EMERGENCY MANAGEMENT | B55: WQ021201 | C55: 911 CAD REPLACEMENT – OEM | D55: Milwaukee County 911 Dispatch (MCOEM) uses a Computer Aided Dispatch (CAD) system for logging and dispatching calls for service. Due to ongoing performance issues with the current vendor, there is a strong desire to transition to a new system. In 2025, the Board requested an independent study to review the need for a countywide upgrade. The final report, supporting a collaborative CAD approach, is expected in June 2026. The City of Milwaukee has agreed to explore a shared CAD platform, creating operational and financial efficiencies. The County is the largest user of the current vendor, and its needs often exceed the vendor’s capacity to update or customize the product. Multiple times each year, software fixes are pushed out using an outdated version as the base, causing previously resolved issues to reappear. The vendor is no longer adequate for a user of the County’s size. A modern CAD system would support further consolidation of 911 services across the County, consistent with County Ordinance 91.09, PSC 173, and Section 146.70. MCOEM provides cellular 911 call‑taking for West Allis, West Milwaukee, Wauwatosa, South Milwaukee, Greenfield, Cudahy, Greendale, and occasionally other PSAPs. By screening redundant calls, overall volume decreases and staff workload is reduced. Dispatchers answer 911 calls and coordinate with the Medical Examiner, DOT Highway Division, Sheriff’s Office, park rangers, and district attorney investigators. Under the Medical College of Wisconsin, the EMS Division supports and oversees the County’s EMS system. County 911 Communications ensures prompt emergency response, serves as the County PSAP, dispatches for multiple departments, and transfers EMS field data to hospitals to support timely patient care. This work fulfills statutory obligations under County Ordinance Chapter 91. Replacing the current CAD will modernize operations and encourage additional PSAPs to collaborate and consolidate into a more efficient countywide system. | E55: The scope of work includes issuing and award RFP, product selection, contract award, software reconciliation, implementation plan, execute software installation, conversion, interfaces and deployment to workstations and squads, purchase and rollout of new software. | F55: SDCW | G55: 1 | H55: 9526952 | I55: 0 | J55: 9526952 | K55: 0 | L55: 0 | M55: 0 | N55: 0
A56: EMERGENCY MANAGEMENT Total | G56: 1 | H56: 9526952 | I56: 0 | J56: 9526952 | K56: 0 | L56: 0 | M56: 0 | N56: 0
A57: FLEET MANAGEMENT | B57: WF055701 | C57: FLEET STORAGE TANK SYSTEM REPLACEMENT | D57: Fleet Management has three underground fuel storage tanks. The diesel tank which has a capacity of 12,000 gallons was installed on March 30, 1985. The unleaded tank has a capacity of 15,000 gals was installed on January 1, 1990. The waste oil tank has a capacity of 2,000 gals was installed on September 28, 1990. All three tanks have Veeder-Root underground tank monitoring. The waste oil tank is made of steel, the other two are made of fiberglass. The useful life of all three tanks is 20 to 30 years. These three tanks are beyond their useful life. Use of other retail fueling stations was reviewed, however, MCDOT staff determined the option to be too costly due to the much lower price of fuel that the County receives when purchasing. Additionally, commercial fueling stations in the area do not have sufficient capacity and room to support fueling of our vehicles and equipment. It's very common to pump 10,000 - 12,000 gallons of fuel per day during a snow event. Fueling at other Fleet fueling stations at the Airport or North Shop are not practical as they would be overwhelmed by fueling demand and are more than 20 minutes away from this location. This project replaces the entire fuel system including the tanks, pumps, overhead canopy, leak detection system, and all underground plumbing. Underground storage tanks are subject to annual inspection and permitting with the State of Wisconsin. Potential leaks or failures of the existing system would result in removal from service by the State with no other practical options to fuel equipment at this location. The project replaces the aging system prior to failure to insure uninterrupted fueling supply for squad cars, highway maintenance vehicles, and other emergency equipment. There have not been any tank leaks at this time. | E57: The scope of work includes the design phase for excavation and replacement of underground storage tank system including tanks, piping, leak detection system, canopies, other required/requested appurtenances and site restoration. | F57: SD06 | G57: 1 | H57: 177960 | I57: 177960 | J57: 0 | K57: 0 | L57: 2000000 | M57: 2000000 | N57: 0
A58: FLEET MANAGEMENT | B58: WF061901 | C58: COUNTYWIDE VEHICLE AND EQUIPMENT REPLACEMENT (CRNT) - 2027 | D58: General vehicle and equipment replacement. Debt for equipment acquisitions will be included in the County's short-term debt issues for vehicles and attachments. The actual costs, including interest paid, will be charged to user departments which is a continuation of the County's practice adopted as part of the 2010 Budget. This project includes vehicle and equipment replacement for all County departments with the exception of Transit and Airport which are funded differently. All vehicle and equipment replacement requests have been consolidated to one project to provide Fleet Management more control over replacement prioritization to keep departmental operating costs down. Replacement of all items on the attached document are necessary to sustain County wide operations without service level reductions. | E58: Purchase of replacement vehicles and equipment as follows: | F58: SDCW | G58: 1 | H58: 3736000 | I58: 3736000 | J58: 0 | K58: 0 | L58: 0 | M58: 0 | N58: 0
A59: FLEET MANAGEMENT | B59: WF062101 | C59: FLEET CENTRAL GARAGE BOILER REPLACEMENT | D59: The MCDOT Fleet Management administration building, garage and MCSO substation are currently heated by five 3 MBTU/hour hot water boilers. These boilers were installed in 2013 when the facility was removed from district steam service. Over the past 3 seasons, two of the boilers have exibited major failures related to flame quality. Approximately 6 months ago, $20,000 was spent to reseal combustion chambers on all five boilers due to seal failure. The diagnosis on the two failing boilers is that the burners are plugged and require replacement. The remaining three are in similar condition and will begin to exhibit the same symptoms within the next 12 months. The only way to address this problem is to replace all five burners at a cost of approximately $200,000 or replace all five boilers. Replacing all five boilers is the recommended option for reliable heating at this 24 hour emergency facility. | E59: The scope of work includes design to replace the existing Boilers for the Garage and Mechanics Bays. This may include ancillary systems such as electric, pumping, piping, ducts, valves, vfd, controls, etc. Assets will be reused if possible, such as hot water distribution. | F59: SD06 | G59: 1 | H59: 99970 | I59: 99970 | J59: 0 | K59: 0 | L59: 1587860 | M59: 1587860 | N59: 0
A60: FLEET MANAGEMENT Total | G60: 3 | H60: 4013930 | I60: 4013930 | J60: 0 | K60: 0 | L60: 3587860 | M60: 3587860 | N60: 0
A61: IMSD | B61: WI021301 | C61: CITYWORKS APPLICATION – (SAAS) MIGRATION | D61: This project is to move the on-premise deployment of Cityworks to the cloud or software as a service (SaaS). The vendor is ending support for on-premise deployments and requiring migrations to the SaaS platform. Additionally, this would allow the County decommission 12 to 14 servers and will decrease server and database related costs associated with maintaining the environment and associated IMSD staff time. Cityworks is hosted in the County's vendor managed data center, which has recently suffered from instability. The cost savings from deprecating the servers will be about $4,500 an month or $54,000 annually. This project will reduce the resources need to maintain the software by making server and application maintenance preformed by the software provider. Upgrades have become laborious and prone to complications due to the complexity of the installation and the custom development. This will reduce the time needed to upgrade the platform and will reduce the time period between upgrades. This will also increase the ability to implement and roll out new Cityworks solutions as they are available and keep the software platform current to ensure IT security. This will free up the cumulative of one staff member about 50% of their time that is dedicated to software upgrades, managing custom code, mange multiple instances of the platform, and debug issues that arise from an the on-premise deployment of Cityworks. | E61: Complete migration of the on-premise Cityworks application to a cloud / software as a service (SaaS) provider, which also includes data migration and updates / adjustments to interfaces, as applicable. | F61: SDCW | G61: 1 | H61: 410000 | I61: 0 | J61: 410000 | K61: 0 | L61: 0 | M61: 0 | N61: 0
A62: IMSD | B62: WI020904 | C62: TECHNOLOGY LIFECYCLE REPLACEMENTS - IMSD - PHASE 4 | D62: Milwaukee County's technology equipment (e.g., laptops, desktops, tablets, network devices, AV equipment, etc.) has end of life / end of support dates from vendors. In order to maintain good operations, vendor support, and a secure environment, these pieces of equipment need regular lifecycle / replacement. DAS-IMSD is responsible for managing the County's IT infrastructure for various departments, computers, switches, routers, access points, and other hardware components. DAS-IMSD faces major challenges in managing the lifecycle of the County's aging IT components. Funding IT lifecycle management resolves several problems, including: 1. Addressing increasing maintenance costs: Without proper lifecycle management, DAS-IMSD may continue to maintain old hardware components that have exceeded their useful life. This leads to increased maintenance costs and reduced efficiency. 2. Addressing security risks: Outdated hardware components may lack critical security features or may not receive security updates, leaving them vulnerable to cyber attacks. This can lead to data breaches and other security incidents. 3. Addressing environmental impacts: Improper disposal of hardware components can have a significant environmental impact. Without a proper lifecycle management program, the County may dispose of hardware components in ways that are harmful to the environment. To address these challenges, DAS-IMSD is requesting funding for an annual comprehensive lifecycle management program to ensure hardware is acquired, maintained, and disposed of in a structured manner, taking into account factors such as performance, security, and environmental impact. | E62: Lifecycle replacement and deployment of end user devices (e.g., laptops, desktops, etc.) and network equipment (e.g., switches, routes, wireless access points, etc.) based on IMSDs asset tracking and end of life status. Projected costs for 2027 have increased, significantly, due to two factors: 1. Significant cost increases from vendors for hardware, on the order of 40% to 70%, due memory and other supply chain cost increases. 2. Large number of assets approaching end of life. | F62: SDCW | G62: 1 | H62: 7268855 | I62: 0 | J62: 7268855 | K62: 0 | L62: 0 | M62: 0 | N62: 0
A63: IMSD Total | G63: 2 | H63: 7678855 | I63: 0 | J63: 7678855 | K63: 0 | L63: 0 | M63: 0 | N63: 0
A64: MCPA | B64: WU020112 | C64: MARCUS CENTER - GEN CAPITAL IMPROVEMENTS AMENDMENT 3 – 2027 | D64: The “Marcus Center for the Performing Arts” (MCPA) was built with private funds in 1969 and deeded to County to be held in trust for the public for the preservation and enrichment of the performing arts. Under the terms of the 1954 Agreement, as amended, a predecessor to MCPA received an annual allocation of County financial support, as determined by County in its annual budget. In connection with a public-private partnership targeting a $26.5 million renovation of the Center, County and a predecessor to MCPA entered into two Memoranda of Understanding for the operation, administration, and maintenance of the Center. Each Memoranda provided for County’s contribution of fixed and level funding through a series of five (5) year terms—$1.5 million for the years 1994 to 1998, and $1.6 million for the years 1999 to 2003. The purpose of County’s annual financial support was to bolster MCPA’s private fundraising efforts. On December 28, 2004, Marcus Center for the Performing Arts, Inc. was formed. Upon expiration of the second MOA in 2003, County’s funding for MCPA reverted to an annual allocation as determined by County in its annual budget until April 8, 2016, when County and MCPA entered into a contribution agreement (the “Contribution Agreement”), which was approved by the County Board in Resolution File No. 16-214. In July 2018 the Milwaukee County Board and County Executive adopted Resolution 18-544 that reduced the 2026 capital support amount to reflect half of the incremental costs from the County advance refunding all outstanding tax-exempt debt associated with the MCPA. In August 2018, the County entered a Lease (“Lease”) with the MCPA, which was amended in 2018, 2022, and September 2025 (Adopted County Board File #25-467). Pursuant to the updated agreement (from Adopted County Board File #25-467), the 2027 County contribution towards MCPA capital funding is $755,000 for 2027 and $800,000 for 2028. | E64: Pursuant to the third amendment (File #25-467), the 2027 County contribution ($755,000) will fund projects identified by MCPA that reduce expenses, increase revenue, or meet an immediate safety or property need as approved by Milwaukee County. | F64: SD03 | G64: 1 | H64: 755000 | I64: 0 | J64: 755000 | K64: 0 | L64: 0 | M64: 0 | N64: 0
A65: MCPA Total | G65: 1 | H65: 755000 | I65: 0 | J65: 755000 | K65: 0 | L65: 0 | M65: 0 | N65: 0
A66: PARKS | B66: WP046801 | C66: SPORTS COMPLEX MUA | D66: The Milwaukee County Sports Complex is a critical hub for recreation on the south side of the County. The existing HVAC system is nearing the end of its useful life. Presently, there are nine Rooftop units (RTUs) at the complex and up to six of them require replacement immediately or in the next 18-24 months. There are four units which serve the main fieldhouse. Of those, only one is fully operable with another functioning at reduced capacity. The remaining five units serve the other occupied areas of the building and consist of both heat and air conditioning units. One was replaced in 2024 at a cost of $27,000. Two are greater than 10 years old, and the remaining two are intermittently functioning. Replacement parts are rare and exceedingly expensive, and the system regularly requires maintenance attention. Planning is complete, and construction documents have reached the 90% design stage. | E66: The scope of work includes construction to replacement of the existing HVAC system in the Sports Complex Facility. Replace nine (9) Roof Top Units units and related systems- electrical, controls, piping, ductwork, possible abatement, etc. New HVAC equipment will incorporate the latest Standards and Guidelines currently offered by ASHRAE that include the current energy efficiency and sustainability provisions. Includes site investigation to confirm MUA locations. | F66: SD09 | G66: 1 | H66: 3335960 | I66: 3335960 | J66: 0 | K66: 0 | L66: 0 | M66: 0 | N66: 0
A67: PARKS | B67: WP052301 | C67: LAKE PARK STEEL ARCH BRIDGE | D67: The Lake Park Steel Arch Bridge (bridge asset ID 777.PED.161) over the Locust Street Ravine was built in 1893. The bridge is wide enough to carry vehicular traffic, but has been closed to vehicular traffic for years due to reconfiguration of roadways in the park and concern over structural integrity of the bridge for vehicular use. Past inspection of the Steel Arch Bridge in Lake Park resulted in a recommendation for complete rehabilitation or replacement. Concrete barriers have been placed in front of the bridge to keep vehicles from crossing it. The connecting asphalt walkways are highly degraded and should be replaced at the same time. The 2017 Adopted Capital Budget included $100,800 for planning and design. In December 2016, adopted County Board File #16-728 transferred the entire expenditure authority from WP52301-Lake Park Steel Arch Bridge into WP48401-Lake Park Ravine Bridge. In 2020, funding for design in the amount of $117,023 was appropriated and in 2021 transferred into WP48401-Lake Park Ravine Road Bridge via adopted County Board File #21-95. This bridge has been identified as a high need for repair through WP54601-Parks Bridge Inventory and Assessment, and due to its historical nature requires funding as an individual project. | E67: The scope of the project includes planning and design for the rehabilitation of the Lake Park Steel Arch Bridge. Design includes partial demolition, preserving Historic Elements/Cast Iron Arch/rail, a new structure (for pedestrian use only), lighting and approach roadway restoration. Design of the rehabilitation or replacement bridge is being coordinated with historic preservation. Evaluation of, and planning for power to serve future camera installations in conjunction with lighting upgrades to be included in scope. | F67: SD03 | G67: 1 | H67: 307880 | I67: 307880 | J67: 0 | K67: 0 | L67: 1537940 | M67: 1537940 | N67: 0
A68: PARKS | B68: WP054001 | C68: RR PRKWAY-124TH MORGAN AND RR LINCOLN TO OKLAHOMA-NATIONAL | D68: The Root River Parkway provides vehicular access along the Root River as well as connections to popular recreational facilities located in Greenfield Park including the Greenfield Park Golf Course and the Cool Waters family aquatic center. This stretch of Root River Parkway includes both the east side of the river from W Lincoln Avenue to W Oklahoma Avenue/W National Avenue, and the west side from S 124th Street to W Morgan Avenue. Root River Parkway has reached the end of its useful life. The pavement was most recently rated in 2025 and includes sections rated 22/100, 28/100, 36/100, and 36/100. It is extremely deteriorated and requires regular patch repair work and traffic control for stormwater flooding in order to remain open to users. In addition to the deteriorated pavement, the parkway requires reconstruction of the storm sewer and roadway lighting systems. Replacement of municipal utilities such as sanitary sewers, water mains, storm sewers and lighting will be coordinated with this project. Traffic calming measures, stormwater best management practices, green infrastructure, natural areas restoration and management, pavement reduction, and connections to adjoining roadways will be evaluated in the reconstruction design plans. Pavement Condition Index: 80 - 100 = Excellent 70 - 80 = Very good 50 - 70 = Good 30 - 50 = Fair 20 - 30 = Poor 10 - 20 = Very Poor 0 - 10 = Failed | E68: The scope of work includes planning and design for replacement of Root River Parkway (west and east) between W Morgan Ave to W Lincoln Ave, including 4 inches of asphalt pavement on 10 inches of stone base, concrete curb and gutter, LED lighting, drainage and storm sewers, and other potential utility replacement under new pavement. Storm water best management practices, green infrastructure, natural areas restoration and management shall be incorporated where applicable. Lighting will be replaced with LED fixtures. Asphaltic concrete mixes used for surface course and binder course may contain salvaged or reclaimed asphaltic material. Base course will also contain reclaimed base material. | F68: SD16 | G68: 1 | H68: 447530 | I68: 447530 | J68: 0 | K68: 0 | L68: 8500000 | M68: 8500000 | N68: 0
A69: PARKS | B69: WP054301 | C69: PARKS ADA INVENTORY AND ASSESSMENT | D69: Title II of the Americans with Disabilities Act (ADA), which applies to state and local governments, prohibits discrimination on the basis of disability in all facilities, programs and services provided by a municipality. The Parks Department seeks to perform an ADA Existing Facility and Site Access Audit as the first step in determining how to best address deficiencies by documenting what deficiencies/barriers to access exist. Information acquired from the audit will then be used to develop an ADA Transition Plan, which is a phased plan to address removal of barriers as well as provide guidance on scoping of future projects and standards. This project will address completion of an audit pursuant to US Dept of Justice Title II regulation 35.105 by documenting compliance to the most recent version of the ADA Guidelines. Deficiencies will be documented through a series of detailed checklists, photographs, measurements and notes to complete the audit and assemble into a final report. The project will include a GIS component so that the data can be accessed through GIS and merged into Cityworks. The project will also include completion of both the Audit and the Transition Plan. | E69: The scope of work includes an assessment/study of approximately 154 sites for ADA requirements. Audit costs are based on an average of eight (8) hours per assessed site. Allowance for reports and database backup covering 339 freestanding structures is included. | F69: SDCW | G69: 1 | H69: 170640 | I69: 0 | J69: 170640 | K69: 0 | L69: 0 | M69: 0 | N69: 0
A70: PARKS | B70: WP054501 | C70: WHITNALL GOLF COURSE IRRIGATION | D70: The 2022 Adopted budget provided planning and design funding ($332,757) for WP054501-Whitnall Golf Course Irrigation which included a scope of replacing the single row irrigation system, refurbishing the pump system, new golf features, and the relocations of greens for safety. Adopted County Board File #22-592 allocated American Rescue Plan Act (ARPA) funding ($6,435,000) for WY012305-Parks Golf Course Irrigation and Cart Path Construction to replace the irrigation systems at Lake, Warnimont, Noyes and Zablocki golf courses and install cart paths at Whitnall and Dretzka golf courses. Due to the timeline of ARPA requirements and the funding status of the proposed county capital project at Whitnall, combining the two efforts was no longer feasible. As a result, Parks requested a re-direction of the funds intended for the Whitnall cart paths towards additional golf infrastructure that addresses capital projects, deferred maintenance, or revenue generation (adopted County Board File #22-950). A portion of the funding intended for cart paths at Whitnall ($247,400) was utilized to replace the primary pump for irrigation at Whitnall. This capital project funding request phase includes construction for holes 10-18 for the replacement of existing and addition of new irrigation lines, golf cart paths (design completed as part of capital project WY012305) and relocations and improvements of tees, bunkers and greens. Approval of this capital request acknowledges and confirms alignment with County Ordinance 47.08, which addresses the protection of natural areas when considering new built infrastructure. A second construction funding request is anticipated in a future budget cycle for holes 1-9 and will include for the replacement of existing and addition of new irrigation lines, golf cart paths and relocations and improvements of tees, bunkers and greens. | E70: The scope of work includes construction to reconstruct the Whitnall golf course: modify and enhance selected greens, tees, fairway, bunkers, and new irrigation. Construction will be broken into three phases over the course of three golf seasons in order to keep 9 holes open through construction. | F70: SD09 | G70: 1 | H70: 3981140 | I70: 3981140 | J70: 0 | K70: 0 | L70: 5185326 | M70: 5185326 | N70: 0
A71: PARKS | B71: WP054901 | C71: BENDER PARK-BREAKWATER RECONFIGURATION | D71: The Bender Park boat launch requires design reconfiguration due to shallow water depths and sedimentation that do not allow boats to consistently launch and safely access the harbor and Lake Michigan. Sedimentation accumulation in the boat launch has been an ongoing maintenance issue at Bender Park since the park first opened in 1999. Dredging activities in 2007, 2011, 2014, and 2026 have removed thousands of cubic yards of material from the harbor at a high cost to the County. It is believed that sand moves south along the lakeshore due to littoral drift, and this sediment drops into the harbor at the south end of the breakwater. In an effort to provide a sustainable long-term solution for operating this harbor, this project seeks to identify a design reconfiguration necessary to reduce the frequency of costly dredging activities, boat launch closures, and meet the safe harbor standard that Lake Michigan boaters rely upon. Grant applications to supplement project costs will be consistantly monitored and pursued. | E71: The scope of work includes the design phase, including permitting costs, associated with breakwater reconfiguration, sheet piling, or other coastal engineering methods intended to improve harbor entrance stability and sediment management. The revised plan is expected to significantly reduce the frequency of dredging operations required to maintain an open and navigable harbor entrance. Reducing the need for recurring dredging activities will provide long-term cost savings to the County. Conceptual designs have already been completed for this project. These existing materials, along with additional design analysis, will be utilized to develop a comprehensive engineering construction plan. | F71: SD17 | G71: 1 | H71: 671900 | I71: 671900 | J71: 0 | K71: 0 | L71: 5724370 | M71: 5724370 | N71: 0
A72: PARKS | B72: WP057001 | C72: MCKINLEY PARKING LOTS - PHASE 3 | D72: A 2015 long-range concept plan for the parking lot and greater McKinley Marina area identified several areas to be rebuilt in a phased strategy over several years. This approach means work can be done without significantly affecting marina operations or the other sections of the parking lot. In 2018, funding was appropriated for Phase 1 construction. In 2020 funding for Phase 2 design was appropriated. In 2022 and 2024, construction funding was provided and completed for Phase 2. To complete the comprehensive rehabilitation of the lots, Phase 3 planning and design is needed. This final phase will addresses improvements to internal circulation focus on the area nearest to Lincoln Memorial Drive. Improvements will include lighting and stormwater management. Plans will also include methods to improve nearshore water quality utilizing green infrastructure and storm water best management practices. | E72: The scope of work includes planning and design for replacing the parking lot, new LED lighting, new storm drainage system, new ornamental fencing, turf restoration, green infrastructure, and storm water best management practices. Asphaltic concrete mixes used for surface course, and binder course may contain salvaged or reclaimed asphaltic material. Project also includes a new 3rd shift security building/booth, with heating and windows on 3 sides with removal protective boards. Replace wood stairways from tenant slip lot to dock. Evaluation of, and planning for power to serve future camera installations in conjunction with lighting upgrades to be included in scope. | F72: SD03 | G72: 1 | H72: 282260 | I72: 282260 | J72: 0 | K72: 0 | L72: 2013230 | M72: 2013230 | N72: 0
A73: PARKS | B73: WP062601 | C73: COOL WATERS OVERFLOW PARKING LOT & SERVICE YARD | D73: The Department of Administrative Services, Architecture and Engineering Division performs pavement ratings for County parking lots which includes the evaluation of traffic volume, condition of pavement, overall riding comfort, and drainage conditions. Cool Waters is one of the County's premiere aquatic facilities and services the entire County. The asphalt condition assessment rating for both the Greenfield (Cool Waters) Overflow Parking Lot as well as the abutting service yard were rated 18 and 14 respectively in 2024, indicating the need for immediate reconstruction, including related stormwater management, lighting, and ancillary elements. Pavement Rating Index: 80 - 100 = Excellent 70 - 80 = Very good 50 - 70 = Good 30 - 50 = Fair 20 - 30 = Poor 10 - 20 = Very Poor 0 - 10 = Failed | E73: The scope of work includes planning and design of the Greenfield Cool Waters overflow parking lot near the service building, plus the Service Yard Lot. This includes 4 inches of asphalt pavement on stone base, concrete curb and gutter, concrete pavement, drainage and storm sewers, and other potential utility replacement under new pavement. Storm water best management practices, green infrastructure, natural areas restoration and management shall be incorporated where applicable. LED Lighting upgrades in Service Yard and parking lot. Evaluation of, and planning for power to serve future camera installations in conjunction with lighting upgrades to be included in scope. Potential Speed Table/Raised Pedestrian Crossing from Lot to cool waters. Security Fence and Gates at Service Yard. | F73: SD16 | G73: 1 | H73: 292550 | I73: 292550 | J73: 0 | K73: 0 | L73: 2193870 | M73: 2193870 | N73: 0
A74: PARKS | B74: WP070602 | C74: BAY VIEW PARK - REVETMENT | D74: The South Shore Park and Bay View Park rubble mound breakwater is about 1,200 feet off the shore of Lake Michigan and parallels the shoreline for approximately 2.25 miles. The breakwater consists of three separate sections (north, central, south), and the south section is approximately 2,400 feet long and adjacent to Bay View Park. Segments of the breakwater were constructed at different times, but mostly in the 1920s. The breakwater serves as a near-shore structure that protects the shoreline and coastal assets along and adjacent to Bay View Park. The condition of the south section of the breakwater has deteriorated over time. In 2021, funding was allocated to evaluate the condition of all 3 breakwater sections. A feasibility study was completed for the south section of the breakwater to determine the most cost-effective alternative to protect the shoreline from erosion and potential environmental concerns. The study recommended constructing a revetment along the shore of Bay View Park. This project will address the damaging shoreline conditions along the south section of breakwater located along Bay View Park. Planning and 90% design plans have been completed for construction implementation. Grant applications to supplement project costs will be consistantly monitored and pursued. | E74: The scope of work involves construction of the new revetment along the shore of Bay View Park. The south shore breakwater (SBW) will remain in-place, thus providing additional shoreline protection and reducing the capital cost. The new revetment is not intended to stabilize the bluff, but to mitigate wave impacts on the bluff. The bluff will continue to erode until it is stabilized; however, this work is intended to slow the erosion. The design was completed to 90% designs in 2024 and the remaining 10% design work will be included in this request and completed prior to bidding of the project. | F74: SD08 | G74: 1 | H74: 12320890 | I74: 12320890 | J74: 0 | K74: 0 | L74: 0 | M74: 0 | N74: 0
A75: PARKS | B75: WP074701 | C75: PARKS RIPARIAN WALLS – INVENTORY AND ASSESSMENT | D75: Milwaukee County Parks has land holdings along Milwaukee County's major waterways. Along these rivers and related riparian lands there are many retaining walls that are decades old and in varying conditions. In order to appropriately plan for repairs, replacements, or other projects that may eliminate the need for walls, Parks must first have an up-to-date inventory and assessment of such walls. It is requested that any such inventory include creation of GIS data that can be used to map and track asset needs, photos, condition ratings, material inventory, recommended corrective actions, and related cost estimates. | E75: The scope of work includes locating and assessing existing structural based river walls. Assessment includes: structure type, location, condition, solutions that could be used to remediate or resolve the existing conditions. The Final Assessment Report will primarily serve an internal Parks function; however, Parks staff will need to confirm that the final GIS data provided is in a format that is usable for the City Works software system and meets the general project requirements the staff identified to the consultant in the information gathering stages of the project. | F75: SDCW | G75: 1 | H75: 144810 | I75: 0 | J75: 144810 | K75: 0 | L75: 0 | M75: 0 | N75: 0
A76: PARKS | B76: WP075101 | C76: BROWN DEER TENNIS & PICKLEBALL | D76: The tennis courts at Brown Deer Park are in need of replacement and reprogramming. The existing tennis courts are currently unplayable and have been closed to the public due to safety concerns. The Department of Administrative Services, Architecture and Engineering Division rated the pavement on the tennis courts at Brown Deer Park a 22 (out of 100) in 2018. While the adjacent parking area was improved in 2022, the tennis courts are in poor condition. This project will replace the tennis courts with four dedicated pickleball and two tennis courts which can also be used for two pickleball courts. Additional components of the project include new LED lighting around the courts, nets, windscreens, fencing, seating, and dual striping on the tennis courts to accommodate six total pickleball courts. Due to a lack of storage on the vicinity, portions of the tennis court are currently used for material and equipment storage by Parks operations. The project includes a new storage shed to meet site storage needs. Pavement Rating Index: 80 - 100 = Excellent 70 - 80 = Very good 50 - 70 = Good 30 - 50 = Fair 20 - 30 = Poor 10 - 20 = Very Poor 0 - 10 = Failed | E76: The proposed project includes planning and design services for the replacement of the existing tennis courts, possible modifications to the existing LED lighting system, and installation of new ornamental fencing surrounding a proposed storage building. A new storage building is proposed to accommodate equipment and supplies of court, in addition to the need for storage of equipment that is currently stored on the secured existing tennis court area. Construction of the new tennis and pickleball courts may affect the adjacent frisbee golf course, and any impacts will be evaluated and designed during project development. The project will incorporate sustainable material management practices where feasible. Asphaltic concrete mixtures used for the surface and binder courses may contain salvaged or reclaimed asphalt pavement. Existing asphalt pavement will be pulverized, regraded, and reused on-site as base material. | F76: SD02 | G76: 1 | H76: 118010 | I76: 118010 | J76: 0 | K76: 0 | L76: 704720 | M76: 704720 | N76: 0
A77: PARKS | B77: WP075401 | C77: JACOBUS PARK SPRAYGROUND - PLAYGROUND | D77: The playground at Jacobus Park is a Class 1 playground and is one of the oldest playgrounds in the Milwaukee County Parks system, having been installed in 1997. Based on age and condition this playground is a high priority for playground replacement within the Milwaukee County Parks System (with a new Class 1 playground). Milwaukee County Parks owns 111 playgrounds that have been averaging a useful life of approximately 23 years. Jacobus Park playground will have been installed 30 years ago in 2027. In order to keep pace with the rate at which facilities are aging out, Parks has set a goal of replacing 6 playgrounds per year and updating sites with exciting, up-to-date, accessible playgrounds that meet current safety standards and guidelines. Design of the playground will include an area for water spray toys, for summer heat relief. | E77: Full replacement of class-1 playground to ADA and current safety standards. Work to include all demo, installation, equipment, and supporting amenities for a new sprayground. | F77: SD06 | G77: 1 | H77: 835418 | I77: 835418 | J77: 0 | K77: 0 | L77: 0 | M77: 0 | N77: 0
... A96: PARKS | B96: WP065801 | C96: CURRIE PARK REPLACE PARKING LOT AND CART PATH IMPROVEMENTS | D96: Currie Golf Course is a popular recreational asset that generates revenue for the Parks System. The existing parking lot that serves the course has a rating of 28/100, indicating the need for a full reconstruction. Previous County budget allocations have funded a design solution that evaluates pavement reduction, utility impacts, course efficiency, and user experience. Existing handicap parking has been relocated to accommodate users of all needs appropriately. The course will also benefit from a new continuous ashpalt cart path through the 18-hole golf course, keeping it on par with other like facilities. Parks has made other successful efforts to introduce cart paths which helps attract large events, expands dates motor carts can run and is appreciated by users. Course impacts will be mitigated as required for project elements that are within the project limits to ensure playability and course success. This is a wet, low lying course and flooding is common. Cart restrictions leads to a reduction in revenue as golfers, and organized golf outings, that require carts seek out other courses. Adding a continuous paved cart path throughout the course allows the course to remain open more often. | E96: The scope of work includes construction and relocation of existing golf course amenities necessary to accommodate construction of the new cart path and parking lot improvements. Work includes grading, paving, utility improvements, landscaping restoration, drainage improvements, and associated site improvements required to complete the project. The construction plans have been designed to accommodate the adjacent Wisconsin Department of Transportation (WisDOT) STH 100 reconstruction project anticipated for construction in 2027. The project includes updating and relocating utilities beneath the new pavement areas and reducing the overall parking lot pavement footprint to improve site efficiency and stormwater management. | F96: SD06 | G96: 1 | H96: 6800510 | I96: 6800510 | J96: 0 | K96: 0 | L96: 0 | M96: 0 | N96: 0
A97: PARKS | B97: WP085001 | C97: PLAYGROUND AND SPLASHPAD SURFACING REPLACEMENT | D97: Milwaukee County Parks currently owns and operates 111 playgrounds and 9 splashpads that have a variety of equipment and surfacing. Some older playground sites within the system have a combination of surfacing that includes sand, fibar, and/or poured-in-place (PIP) rubber. Safety standards and resilient playground surfacing products have improved beyond sand and preferred options now also include poured-in-place (PIP) rubber surfacing with Engineered Wood Fiber. These surfacing alternatives reduce ongoing maintenance, improve accessibility, and improve safety. While many playgrounds have been converted to full PIP surfacing, some highly used sites are in need of replacement due to significant wear. Improving the surfacing at these playgrounds will improve safety, enhance the play environment and extend the life of the assets. PIP also has the advantage of providing ADA accessibility to areas of the playground. PIP has an average useful life of 10 years, with factors like use, chemicals, and drainage impacting longevity. Milwaukee County Park Playgrounds PIPs have an estimated useful life of 23 years. Parks plans to replace the rubber surfacing on playgrounds and splashpads halfway through their useful life. Parks has been transitioning from sand to Fibar (engineered wood fiber) in place of sand as a way to reduce but not eliminate ongoing inspection and maintenance hazards. Parks proposes to replace a minimum of 18,000 square feet of PIP on an annual basis helps to align playground surfacing with equipment lifespans. Sites will be determined at the time of funding based on existing conditions but 2027 assumed sites may include: Madison Splash Pad, Mitchell Blvd, Greenfield #1, Underwood, Clarke Square, Nash, LaFollette, and/or Armour Parks. | E97: The scope of the project includes planning/design and installation of 18,000SF of Poured in Place (PIP) rubberized safety surfacing. The scope will include excavating existing areas of rubberized surfacing, mulch or other playground and splashpad surfaces. New surfacing will be installed over new compacted stone base material for the entire surface of the play area. | F97: 0 | G97: 1 | H97: 588507 | I97: 588507 | J97: 0 | K97: 0 | L97: 0 | M97: 0 | N97: 0
A98: PARKS | B98: WP084901 | C98: COMPREHENSIVE ATHLETIC FIELD PLANNING STUDY | D98: Milwaukee County Parks is seeking to complete a comprehensive athletic field asset study that will guide future investment and operational decisions across its 154 parks. Many of the County’s athletic fields are experiencing deferred maintenance. To plan effectively for the future, the study would provide a deeper understanding of how these fields function within the broader parks system, including their role in serving community needs, supporting programming, and contributing to equitable access to recreational opportunities. This study will evaluate the condition, use, and geographic distribution of athletic fields, including but not limited to baseball/softball, soccer, disc golf, and multi-purpose fields (football, rugby, lacrosse, ultimate frisbee). The study will also consider the availability of similar facilities operated by schools, municipalities, and third party partners. The goal is to establish a framework to prioritize investments based not only on condition, but also on demand, accessibility, equity, operational efficiency, and long-term sustainability. The final outcome will provide clear recommendations on where to invest, maintain, repurpose, or consolidate field assets. This ensures that limited resources are directed toward sites that deliver the greatest community benefit and can be sustainably maintained over time. | E98: The scope of work includes a comprehensive athletic field study. Study’s final deliverable should include existing facility condition, locations, neighborhood, use analysis, recommendation of future state with cost estimates, and a GIS data component. | F98: SDCW | G98: 1 | H98: 101600 | I98: 0 | J98: 101600 | K98: 0 | L98: 0 | M98: 0 | N98: 0
A99: PARKS | B99: WP084801 | C99: LAND RESOURCES-WOOD WASTE RECYCLING FACILITY STUDY + DESIGN | D99: Milwaukee County Parks completed a 2024 service yard study identifying schematic layouts and service yard standards to guide future improvements. Parks Land Resources Division consists of forestry, asphalt, landscape/landscape construction, natural areas, and trails operations. Land Resources operates out of the Parks Maintenance facility at N. 68th Street and W. State Street, which is shared with Trades staff. The Parks system manages over 15,000 acres and faces significant tree loss due to storms, invasive species such as the emerald ash borer, as well as construction impacts. Forestry operations generate up to 10,000 cubic yards of wood chips annually, along with additional waste materials that are often unsuitable for reuse. Wood waste is stockpiled at multiple sites, including Mitchell Park, without a long-term management solution. This project will include site analysis for a new Land Resources facility focused on improving operational efficiency and wood waste management. Mitchell Park will be evaluated as a potential location. Following site analysis, the project will advance into full design for a new facility, wood waste storage, demolition as needed, covered parking and utility services to support approximately 30 Land Resources staff. A key component of the project will be the incorporation of an air burner system. An air burner is a high-efficiency, curtain-style incineration system that uses forced air to achieve clean combustion of wood waste. This process produces biochar, a stable, carbon-rich material that can be reused to improve soil health, enhance water retention, and sequester carbon, while also reducing particulate emissions compared to open burning. The operation of an Air Burner also has the potential to generate energy, lowering utility costs for the facility. The project will result in construction-ready documents. Grant applications to supplement project costs will be consistantly monitored and pursued. | E99: The scope of work includes site analysis and then design for a new Land Resources facility that focuses on improving operational efficiency and wood waste management. Design for the new facility to consider wood waste storage, wood air burner system, demolition as needed, covered parking and utility services to support approximately 30 Land Resources staff. Design includes bathrooms, utilities, worker stations, IMSD, etc. as needed. | F99: SDCW | G99: 1 | H99: 510980 | I99: 0 | J99: 510980 | K99: 0 | L99: 10415590 | M99: 10415590 | N99: 0
A100: PARKS | B100: WP084701 | C100: MCKINLEY MARINA DOCK AND PEDESTAL REPLACEMENT | D100: McKinley Marina, Milwaukee County’s only public lakefront marina, offers 703 slips with floating docks, fuel docks with pump-out facilities, and a convenience store with marine maintenance and safety supplies. The marina has been 100% occupied since 2021 and historically operates at 93–97% capacity. The marina generated an annual revenue of $2.8M in 2025. The dock system and supporting infrastructure were constructed approximately 25 years ago and are beyond maintenance and require replacement. The facility is experiencing increasing structural failures, including deteriorating dock boards, failing steel piping, recurring chain breaks and significant electrical deficiencies. The marina has approximately 390 power pedestals which provides electrical power and water for tenants. The pedestals are a mix of outdated and replaced units. The outdated pedestals do not meet current GFI safety standards and are no longer manufactured, making repairs impractical. Due to currently falling water levels, the dock ramps are no longer ADA-compliant, and the site fails to meet current safety standards due to the absence of safety ladders. The marina experiences approximately 50 water leaks a year. Parks has spent $155,000 from 2021–2026 on inspection and replacement of dock chains and $116,000 from 2021–2025 on resetting and weld repair of pilings supporting pedestals, but ongoing maintenance is no longer sufficient to address systemwide failures. The scope of the project includes a comprehensive assessment and design of the marina infrastructure, including a bathymetric survey, evaluation of pilings and deadman anchors supporting the retaining wall, and full design of Docks A–P. This includes structural and utility systems, adjacent promenade docks, concrete walkways, cameras, access gates, and railings. | E100: The project scope includes the design and preparation of construction plans for marina infrastructure improvements, including dockage systems, gangways, pile-supported structures, structural connections, handrails, sanitary and plumbing systems, potable water distribution, fire suppression systems, electrical infrastructure, dock utility pedestals, and associated utilities. The project also includes the evaluation and analysis of concrete decking versus high-density polyethylene composite decking systems and inspection of existing sheet piling next to dockage. A bathymetric survey will be performed to assess sediment accumulation within the marina, support design development, and establish dredging volume calculations. Design to create construction drawings for marina sediment dredging, dock replacement, and related marine infrastructure improvements. | F100: SD03 | G100: 1 | H100: 1278840 | I100: 1278840 | J100: 0 | K100: 0 | L100: 40851390 | M100: 40851390 | N100: 0
A101: PARKS | B101: WP084601 | C101: PARK PATHS - WAHL TO BRADFORD BRIDGE, WAHL TO NEWBERRY | D101: The Oak Leaf Trail section and trails along Wahl Avenue along the southern portion of Lake Park (from intersection of N Terrace Ave to E Newberry Blvd) as well as the trail connection leading from Wahl Avenue to Bradford Beach bridge are failing. The asphalt trails have broken apart, adjacent fencing has weathered, and some trail sections are eroding down the bluff. The pavement has deteriorated and requires regular patch repair work. These trail sections also have some of the worst pavement ratings in the system, with sections rated 21/100 and 24/100 in 2024. The scope of work includes replacement and improvement of these highly utilized trails, fencing, slope stability measures, and stormwater best management practices. Design also to incorporate and align with Milwaukee County's Coastal Management Guidelines. Pavement Condition Index: 80 - 100 = Excellent 70 - 80 = Very good 50 - 70 = Good 30 - 50 = Fair 20 - 30 = Poor 10 - 20 = Very Poor 0 - 10 = Failed | E101: The scope of work includes design to replace Oak Leaf Trail and paths (along Wahl Ave to Belleview) OLT05 and (Belleview to Newberry) LAK21 and (from Wahl Ave to Bradford Beach bridge) LAK19. Project includes demo and reconstruction of pathways and immediately adjacent fencing, rails, signage, and poles, lighting / wiring, storm/sanitary piping. Includes assessment of the pathways’ geotechnical for bluff stability understanding per coastal management guidelines; this includes possible stormwater drainage. | F101: SD03 | G101: 1 | H101: 171160 | I101: 0 | J101: 171160 | K101: 0 | L101: 1581180 | M101: 1581180 | N101: 0
A102: PARKS | B102: WP084401 | C102: MITCHELL BOULEVARD PARK PLAYGROUND RENOVATION | D102: The playground at Mitchell Boulevard Park is a Class 3 playground and is one of the oldest playgrounds in the Milwaukee County Parks system, having been originally installed in 1999 with minor structure changes in 2001 due to site grading. Based on age and condition this playground is a high priority for playground replacement within the Milwaukee County Parks System (with a new Class 3 playground). Milwaukee County Parks owns 111 playgrounds that have been averaging a useful life of approximately 23 years. Mitchell Boulevard playground will have been installed 31 years ago in 2027. In order to keep pace with the rate at which facilities are aging out, Parks has set a goal of replacing 6 playgrounds per year and updating sites with exciting, up-to-date, accessible playgrounds that meet current safety standards and guidelines. | E102: Full replacement of class-3 playground to ADA and current safety standards. Work to include all demo, installation, equipment, and supporting amenities for playground. | F102: SD15 | G102: 1 | H102: 422020 | I102: 422020 | J102: 0 | K102: 0 | L102: 0 | M102: 0 | N102: 0
A103: PARKS | B103: WP085101 | C103: PARKS MAINTENANCE HIGH VOLTAGE SERVICE UPDATE | D103: Parks Maintenance is a key primary facility for Milwaukee County Parks and serves as the central hub for Trades and Forestry divisions, who provide essential daily services across the park system. The facility currently receives high voltage electrical service via an overhead riser pole that supplies the building. The riser pole is deteriorated, and the feeder electrical line is damaged and beyond its useful life. The site is at risk of leaking transformers and power outages. Leaking transformers can release dielectric oil, creating serious safety risks, including fire hazards, groundwater contamination and soil pollution. Due to the age and condition of the existing infrastructure, a high-voltage system failure could result in damage that is beyond repair, creating a high risk of prolonged downtime and major disruption to park maintenance operations. This service upgrade is critical to maintaining uninterrupted Trades and Forestry operations. The maintenance facility houses vehicles, equipment, materials and the fabrication shop. Any disruption to electrical service at Parks Maintenance would have widespread impacts, including interruption of daily park operations and loss of site security. This project will eliminate the high voltage system and transition the facility to a new We Energies service. It will also decommission two high-voltage rooms and remove all associated distribution equipment. The project improves safety, reduces risk and supports the continued reliability of essential park maintenance services. | E103: The scope of work includes design to eliminate high-voltage equipment from Parks Maintenance site, install new We Energies service, and replace of all the aged power panels. This would replace the voltage feeder line from 68th, remove transformers with abatement as needed. Also includes related systems such as feeders, oil switches, cut outs, etc. | F103: SD06 | G103: 1 | H103: 172180 | I103: 172180 | J103: 0 | K103: 0 | L103: 2302560 | M103: 2302560 | N103: 0
A104: PARKS | B104: WP076101 | C104: PARK WALKWAY REPLACEMENTS PHASE 1 | D104: Park walkways and paths are some of the most popular recreational assets in parks. They allow for both passive and active recreation, as well as providing important connections in the transportation grid of the area. Many of the pavement segments within the park system are in disrepair, causing hazards to bikers and pedestrians who use these facilities year round. The scope of work of this capital request includes replacement and improvements to paths within the following parks: West Milwaukee Park, Jacobus Park, and Pulaski Park. Additionally, a path within Algonquin Park will be fully removed and restored to natural wooded wetland to match its site surroundings. The 90% design plans of this park walkways reconstruction project have been completed. | E104: The scope of work includes reconstruction and improvements to paths within the following parks: West Milwaukee Park, Jacobus Park, and Pulaski Park. Additionally, a path within Algonquin Park will be fully removed and restored to natural wooded wetland to match its site surroundings. | F104: SDCW | G104: 1 | H104: 944390 | I104: 744390 | J104: 200000 | K104: 0 | L104: 0 | M104: 0 | N104: 0
A105: PARKS Total | G105: 39 | H105: 64778001 | I105: 60958741 | J105: 3819260 | K105: 0 | L105: 130194636 | M105: 130194636 | N105: 0
A106: SHERIFF | B106: WR020501 | C106: LAKEFRONT CAMERAS AND VIDEO ANALYTICS | D106: Monitoring the lakefront and parks by integrating the latest security technology and managing onsite surveillance from a remote-control center can significantly reduce crime and property damage. Currently, there is no camera system installed along Milwaukee County’s lakefronts. By proactively monitoring live security cameras in real time—mounted on light poles, traffic poles, rooftops, and other locations across commercial and government facilities—the Milwaukee County Sheriff’s Office (MCSO) can respond more quickly to incidents. Historically, the lakefront accounts for 40–50% of all park-related crime incidents, and the primary reason people cite for not visiting the lakefront is a lack of safety. Cameras can deter criminal activity, assist in apprehending offenders, and reduce costly investigations, court time, and property damage from vandalism. We estimate that installing cameras could reduce crime incidents by approximately 50%. Where cameras have already been deployed, they have effectively deterred crime and supported successful convictions. The goal is to install cameras along the lakefront from Lake Park to Veteran’s Park, including Oak Leaf Trail, (where several sexual assaults have been reported). MCSO anticipates that this system will enable faster response times, higher suspect apprehension rates with supporting video evidence, improved law enforcement visibility and transparency, and reduced life safety risks associated with crimes occurring at the lakefront. | E106: The scope of work includes procurement and installation of cellular based surveillance cameras to be placed along the lakefront south of the water plant along Lake Michigan Drive to the north of McKinnley Marina. This would include new camera poles, solar panels, batteries, cellular modems and muli-lens cameras. The cellular modems would connect back to the county network through an IPSec Tunnel so the cameras can be viewed over the current video management software. Recordings would be maintained locally inside the housing using high capacity SD Memory cards and video can be live streamed for active surveillance. | F106: SD03 | G106: 1 | H106: 510600 | I106: 510600 | J106: 0 | K106: 0 | L106: 0 | M106: 0 | N106: 0
A107: SHERIFF | B107: WR020601 | C107: TRAINING ACADEMY - SECURITY IMPROVEMENTS | D107: The Community Reintegration Center (CRC) previously provided non-business hour perimeter security, door security, and motion detection monitoring for the Training Academy. In late 2017, the CRC was no longer able to provide this service due to staffing limitations and outdated equipment. The Training Academy houses highly sensitive law enforcement equipment, mandated state certification records, target ranges, ammunition, SWAT gear, uniforms, classrooms, a computer lab, and other valuable assets. Loss or destruction of these items would be extremely costly to the Milwaukee County Sheriff’s Office (MCSO). This project was requested since 2019. Ensuring 24/7 security monitoring is essential. Security measures—including security glass, doors, motion detectors, and cameras—along with active monitoring, are necessary to safeguard the Training Academy. This project addresses a life safety issue caused by inadequate security. Employing a sworn deputy for 24/7 coverage would cost approximately $696,205.00 annually, based on an overtime rate of $69.93, three shifts totaling 2,920 hours per year, plus benefits. Currently, the Training Academy has door and motion detection monitoring. However, without cameras, alarms require staff or patrol deputies to respond in person, sometimes involving multiple personnel. Alarms occur frequently enough that this is inefficient. Installing cameras would allow staff to immediately verify whether an alarm indicates a real security issue, protecting the Academy’s assets and providing video evidence to assist investigations. Additionally, a locking secure lobby during business hours would enhance safety for staff, visitors, and trainees. While no serious incidents have occurred at the Academy, other law enforcement facilities have experienced attacks, and a single incident could result in serious injury. Many staff, visitors, and trainees are not sworn officers and cannot defend themselves. Bullet-resistant glass and a lockable lobby are key to ensuring safety. For context, there was an incident at MPD in 2022. The Training Academy’s inventory value is approximately $3.5 million, with the 2026 Inventory Value list attached as supporting documentation. | E107: The scope of work includes design and construction to improve overall security of the building. This includes: 1) New building security system that would monitor doors, motion sensors and glass breakage; 2) Access control system to add schlage card capabilities to entry doors as well as critical interiors door;. 3) Security Cameras to capture the building perimeter, main hallways, and parking lot; 4) Bullet resistance vestibule along main entryway. The project will leverage existing technologies that are currently used in the county. Design and construction: Minimal project risk/unknowns with low probability of budget cost issues and/or project delays as defined in the cost estimate. | F107: SD09 | G107: 1 | H107: 496143 | I107: 0 | J107: 496143 | K107: 0 | L107: 0 | M107: 0 | N107: 0
A108: SHERIFF | B108: WR020701 | C108: TRAINING ACADEMY - HVAC AND PLUMBING REPLACEMENTS | D108: The Training Academy was constructed in 2002, and several of its building systems will be beyond the end of their useful life by 2026. The VFA report currently lists the HVAC system as being in fair condition with renewal action needed in 2026. This project would redesign the facility’s HVAC system to ensure it meets current building best practices for heating and cooling. The redesign will include a comprehensive study and the installation of multi-zoned ductwork to improve efficiency and temperature control throughout the building. Existing condensing units, air handling units, and the cooled condensing unit will be demolished and replaced with new, energy-efficient equipment. The HVAC replacement project was originally requested in 2017, with cost updates completed in 2025. The previously proposed make-up air handling project has also been incorporated into this project. The 2021 VFA Asset Detail Report identified these systems as requiring renewal action. Between 2019 and 2022, emergency HVAC repairs totaled more than $50,000. From 2023 to 2024, emergency repairs totaled an additional $25,000, averaging approximately $12,500 per year. Proactive replacement before system failure is preferred to ensure continuity of operations and allow for planned construction scheduling. Currently, the building experiences significant temperature control issues, remaining excessively cold in the winter (often not exceeding 66°F) and excessively hot in the summer. Condensers typically have a useful life of approximately 15 years, and the existing units have already exceeded that timeframe. The Capital Improvement Charter recommended planning and design in 2024, with implementation in 2026. However, this project was not approved in 2024, continuing the cycle of deferred maintenance and increasing the risk of system failure. | E108: The scope of work includes a study of the HVAC system to confirm design, and design to replace the HVAC, not necessarily a one for one. Design to replace the two existing condensing units (70 ton and a 1.5 ton) and associated systems: refrigerant piping, reclaim referigerant, electrical, controls, heater, pumps, air handling unit, duct. HVAC controls with IMSD are also included. | F108: SD09 | G108: 1 | H108: 100610 | I108: 0 | J108: 100610 | K108: 0 | L108: 1101110 | M108: 1101110 | N108: 0
A109: SHERIFF | B109: WR020801 | C109: VEHICLE BARRIER SYSTEM | D109: When vehicles must be stopped immediately to protect public safety, a vehicle barrier system provides an effective and reliable solution. These sturdy, modular barriers are capable of stopping a truck weighing up to 7.5 tons while remaining lightweight enough to be deployed and dismantled by a single person. This system would provide a rapid and effective response during emergencies, including natural disasters, terrorist threats, and other high-risk situations. Recent events demonstrate the need for this type of protective infrastructure. The tragic Waukesha Christmas Parade incident in November 2021 highlighted how vehicle barriers may help prevent loss of life at large public gatherings. Another example occurred during a recent fatal crash on northbound I-94 at Drexel following a Presidential motorcade. Staffing levels were already low, and deputies were required to maintain traffic posts during the investigation. Deployable vehicle barriers could have been used to close the northbound freeway lanes, allowing the death investigation to proceed more efficiently while reducing the number of deputies needed for traffic control. Instead of assigning three to four deputies to traffic posts, the barrier system could allow one deputy to monitor the closure while others focus on investigative duties. Large-scale public events also require roadway closures to ensure visitor safety. Events such as the July 3rd and Big Bang fireworks require the closure of Lincoln Memorial Drive (LMD) in both directions, and a vehicle barrier system would provide an additional layer of safety while reducing staffing needs. These barriers would also enhance safety during Opening Day of Summerfest and other large fireworks displays along the lakefront. The recent increase in reckless driving incidents and breaches of parade routes has heightened concerns for law enforcement. The Milwaukee County Sheriff’s Office (MCSO) provides route security for numerous walks, runs, marathons, and triathlons along Lincoln Memorial Drive, where preventing vehicles from entering event routes is critical to operational safety. Currently, MCSO relies on plastic cones, flares, mobile barricades, and squad vehicles to maintain closures, but these tools serve primarily as visual deterrents and may not stop a determined, reckless, impaired, or confused driver. Deployable vehicle barriers would provide a physical protective measure capable of stopping vehicles and significantly improving safety for both the public and law enforcement personnel. | E109: Purchase of one Vehicle Barrier system and essential equipment or services for setup. Purchase should be within one year. | F109: SDCW | G109: 1 | H109: 198568 | I109: 198568 | J109: 0 | K109: 0 | L109: 0 | M109: 0 | N109: 0
A110: SHERIFF | B110: WR020901 | C110: CAMERA TOWERS AND TRAILER SYSTEMS | D110: This project provides the Milwaukee County Sheriff’s Office (MCSO) with three portable camera towers (one tower was previously funded through a 2023 JAG grant). These camera towers are built on trailer bases, allowing for flexible and portable deployment throughout Milwaukee County to support investigations and traffic mitigation efforts. The towers are wirelessly connected to the internet and allow for real-time monitoring as well as recorded footage that can be reviewed later for investigative purposes. Because they are portable, the cameras can be deployed to areas without permanently installed surveillance, including locations experiencing increased criminal activity such as vehicle thefts from parking lots, damage to County property, and areas with elevated levels of violent crime. They can also be placed in high-traffic areas to help identify and deter reckless driving. Proactive hotspot policing using these systems allows law enforcement to focus resources in areas experiencing specific issues while avoiding over-policing of other areas. The MCSO has previously solved multiple crimes with the assistance of video evidence, including sexual assaults, thefts, violent crimes, and homicides. The current MCSO portable camera systems are more than 10 years old and are outdated, limiting their effectiveness and reliability. | E110: The scope of work includes the purchase of three new camera trailers that align with current trailer specifications as defined by the Sheriff's Office to meet their business needs. Trailers are custom built per specifications and arrive fully configured and ready for deployment. | F110: SDCW | G110: 1 | H110: 266858 | I110: 266858 | J110: 0 | K110: 0 | L110: 0 | M110: 0 | N110: 0
A111: SHERIFF | B111: WR021001 | C111: TRAINING TRACK (EVOC) – SHERIFF TRAINING ACADEMY | D111: Law Enforcement Officers, including Deputy Sheriffs, are required by Wis. Stats. §165.85(4) and Wis. Admin. Code §LES 5.01(3) and Ch. LES 6 to complete a minimum of four (4) hours of vehicle pursuit training biennially based on model standards established by the Law Enforcement Standards Board (LESB). This capital project has been requested since 2023. There are currently two driving tracks within Milwaukee County available to complete the required training. One is the Milwaukee Mile, owned and operated by the Wisconsin State Fair, and the other is located at Milwaukee Area Technical College (MATC). The Milwaukee Mile was used in the past but has become cost prohibitive due to increased rental rates. The MATC track has limited time available for rental, and many law enforcement agencies compete for the available time. The Milwaukee County Sheriff’s Office (MCSO) requires approximately 50 training sessions to comply with the required training standards. The proposed driving track would be a circular-style track totaling approximately 1,500 feet in length, with an overall width of 12 feet at non-designated locations. The design would include two straight portions of 500 feet with 40-foot widths, along with four corners or turns that are 50 feet long with a 25-foot width. | E111: The scope of work includes design for a circular driving track, conceptually totaling in length 1,500 feet, overall width of 12 feet at non-designated locations, two straight portions of 500 feet with 40 foot-widths, 4 count corners or turns that are 50 feet long with a 25-foot width. Also included is design for grading, drainage, lighting, green infrastruction, arm gate, and restoration. | F111: SD09 | G111: 1 | H111: 201470 | I111: 201470 | J111: 0 | K111: 0 | L111: 1400000 | M111: 1400000 | N111: 0
A112: SHERIFF | B112: WR021201 | C112: TRAINING ACADEMY AND PARKING LOT REPLACEMENT | D112: The parking lot at the Training Academy is in poor condition and requires a complete replacement. Planning and design appropriations totaling $171,527 were included in the 2020 Adopted Capital Budget and have been completed (WO020001 – Training Academy and Parking Lot Replacement). This is the sixth consecutive year construction has been requested since the design was approved in 2020. The parking lot is well beyond routine maintenance and repair: the surface is uneven, potholes are expanding and increasingly difficult to patch, and the number of cracks continues to grow, making sealing less effective. The Training Academy was built in 2002, and the parking lot has never been fully replaced, making it 24 years old. Maintenance has become increasingly cost-prohibitive and less feasible. The Milwaukee County Highway Maintenance Department attempted repairs in 2014 and 2023, but these efforts were not permanent. Each year, over 500 Milwaukee County Sheriff’s Office (MCSO) staff members attend in-service training at the academy. In addition, deputies, correctional and public safety officers, other law enforcement agencies that rent the firing range or training facilities, classroom renters, and visitors all use this parking lot. As the lot continues to degrade, the risk of vehicle damage and bodily harm increases. To better manage and monitor the overall parking lot project, an administrative appropriation transfer will be processed by the Office of the Comptroller and the Office of Strategy, Budget, and Performance to combine and align the existing project budget (WO020001) with capital project WR021201 – Training Academy and Parking Lot Replacement. | E112: The scope of work includes construction for the replacement of the Sheriff's Training Academy Parking Lot. This includes 4 inches of asphalt on 8 inches of stone base, concrete curb and gutter, pervious pavers, drainage and storm sewers, lighting wiring, other potental utility replacement under new pavement. This also include permeable pavers (green infrastructure), natural areas restoration, and LED fixtures. Asphaltic concrete mixes used for surface course and binder course may contain salvaged or reclaimed asphaltic material. Evaluation of, and planning for power to serve future camera installations in conjunction with lighting upgrades to be included in scope. | F112: SD09 | G112: 1 | H112: 2433800 | I112: 2433800 | J112: 0 | K112: 0 | L112: 0 | M112: 0 | N112: 0
A113: SHERIFF | B113: WR021601 | C113: CJF - CAMERA REPLACEMENTS | D113: This project replaces end-of-life surveillance cameras to improve visual coverage, enhance safety, and reduce risk liability within the Milwaukee County Jail (MCJ), Courthouse and surrounding perimeters. The project will replace approximately 100 cameras, including installation costs and necessary storage to accommodate a 90-day retention period. The current system began replacement under the 2015 capital project WO44701 – CCFC Camera System Phase 1. This project supports the Milwaukee County Sheriff’s Office (MCSO) mission of ensuring public safety within the MCJ and Courthouse.. A more robust camera system allows MCSO to better monitor these environments and respond to incidents more efficiently. Enhanced monitoring decreases response times, reduces conflict escalation, lowers the use of force, and minimizes illegal activity. Cost savings will occur through expanded coverage and higher-quality video. The upgraded system will monitor more square footage of these facilities and produce higher-quality video evidence. Risk liability will be reduced due to improved detection of suspicious or criminal activity and better monitoring of movement throughout the buildings. High-quality video serves as one of the best sources of evidence for criminal prosecution and liability claims. Leveraging a high-quality video surveillance system will result in: Detection of illegal or problematic behavior that might otherwise go unseen or unrecorded, increased employee safety and productivity, improved monitoring of officer conduct improved monitoring of occupant conduct, reduced number of lawsuits and complaints, reduced County liability and improved public safety. The surveillance and camera systems included in this project are not part of the cost and scope of the existing capital project WY062508 – Courthouse Complex Security Technology, which generally covers public spaces and exterior areas of the Courthouse complex rather than interior department locations. Surveillance cameras are critical to ensure staff accountability, provide valuable evidence, and are crucial to mitigate county risk. Some of the older cameras go down quite frequently and replacing them will ensure evidence can be reliably captured and will significantly improve camera quality. With the old camera, it is very difficult to make out a face. Newer cameras improve the quality of the camera views and will make it easier to positively identify individuals. | E113: The scope of work includes the purchase of 240 cameras and mounts to replace EOL cams that are failing at a high rate, resulting in lost video footage and increases the risk to the county. The county can reuse the existing camera license and storage along with the cat6 network cable. Tech will remove old camera and dispose of the equipment and install new camera and mount. The new cameras are higher resolution, better IR capability for nighttime viewing and AI capable to allow for object detection (person, face, vehicle type, plate, person tracking), digital auto tracking, and other capabilities. | F113: SD13 | G113: 1 | H113: 586500 | I113: 0 | J113: 586500 | K113: 0 | L113: 0 | M113: 0 | N113: 0
A114: SHERIFF | B114: WC031101 | C114: CJF IN-PERSON VISITATION | D114: In Resolution 22-432, the Board of Supervisors requested that the Office of the Sheriff study the restoration of in-person visitation at the Milwaukee County Jail/Criminal Justice Facility (CJF). Prior to 2002, the Milwaukee County Jail provided non-contact in-person visits for residents. Visitation areas were located in the center of the building, with each pod offering between two and five visiting booths. These booths allowed visitors to communicate with residents through security glass using intercom or telephone audio. In 2002, following an escape in the area, a security study recommended video calling as a method to enhance safety. As video and teleconferencing technologies advanced, the Milwaukee County Sheriff’s Office (MCSO) shifted focus to video visitation to increase access for families unable to visit in person. Video visitation was first implemented in 2004, ending in-person visits and closing the public-facing areas of the CJF. A video-visitation area on the ground floor allowed families without reliable internet or technology access to visit using County-supplied stations and vendor support. Under this system, the public could either visit the CJF to video call a resident or remotely video call from anywhere in the world for a fee. Returning to non-contact in-person visitation is now being explored to improve relationships between residents and their families, and to support mental health. Visitation has been shown to reduce stress and anxiety, improve mental and physical health, increase motivation and hope, reduce recidivism, and strengthen family bonds. Visits alleviate feelings of isolation and provide residents with a sense of connection to the outside world. Research underscores the positive impact of visitation: a 2008 study of 7,000 people released from state prisons in Florida found that each additional visit during incarceration reduced the odds of two-year recidivism by 3.8 percent. Similar findings in Minnesota showed that receiving one visit per month lowered the risk of reincarceration by 0.9 percent, while each unique visitor reduced the risk of re-conviction by 3 percent. Overall, people who received visits had 13 percent lower felony re-convictions and 25 percent fewer revocations for technical violations of parole compared to those who did not receive visits (Research Roundup: The Positive Impacts of Family Contact for Incarcerated People and Their Families, Leah Wang, December 21, 2021). | E114: The scope of work includes designing and creating construction documents for the CJF-In-Person Visitation based on the currently funded feasibility study. Design likely to include electrical work, painting, flooring, drop ceiling replacement, communication upgrades, security enhancements, and structural upgrades. | F114: SD04 | G114: 1 | H114: 561000 | I114: 0 | J114: 561000 | K114: 0 | L114: 6120000 | M114: 6120000 | N114: 0
A115: SHERIFF | B115: WR021901 | C115: TRAINING ACADEMY - GENERAL INTERIOR REPAIRS AND UPDATES | D115: This project combines ceiling finishes, painting, lighting, and partition walls into a single interior upgrades project. The Architecture & Engineering team is preparing the project charter in 2025 to consolidate these components. Ceiling replacement was previously addressed in Project Charter #TBD-407943; please refer to that charter for details on ceiling finishes. According to the 2021 VFA report, renewal or replacement is needed for acoustical panels and tile systems, wood-stained surfaces, and wallboard.This project has been requested since 2024. Replacement of folding wall partitions is also included in the VFA report, with work starting in 2026. There are four folding wall partitions, including one in the lecture hall that divides the 110-seat stadium into two 55-seat rooms. This partition is unrepairable because replacement parts for the locks—which use a pressure floor plate to secure the panels—are no longer available. The non-functional locks cause the wall to pull apart or shift, creating a safety hazard if someone leans on it. Additionally, the malfunctioning locks interfere with the operation of the fire exit door, creating a potential fire escape hazard. For these reasons, this partition should not be used, which reduces the available training space and limits the amount of training that can be accommodated. The project charter for painting was completed in 2024. Existing paint is old, worn, and deteriorating, creating an unprofessional appearance for the facility. Continued delay in repainting allows further deterioration, compounding the problem. Lastly, the grant-funded ARPA Lighting Jobs Program (WY062506) replaced most light fixtures with LED, but several rooms were not updated. These rooms—including storage areas, closets, the shoot house, laundry, and mock cells—should be updated to LED lighting as part of this project. | E115: The scope of work includes design and replacement of existing ceiling within the training academy rooms. New energy efficient lighting to be included for any fixtures that were not completed as part of the ARPA Lighting Upgrade Project. All identified spaces in the basement and first floor to receive scuff resistant paint. Scope also includes new flooring and painting in select areas. Existing flooring and paint is beyond its expected life and is deteriorating. Design and construction: Minimal project risk/unknowns with low probability of budget cost issues and/or project delays as defined in the cost estimate. | F115: SD09 | G115: 1 | H115: 1439870 | I115: 0 | J115: 1439870 | K115: 0 | L115: 0 | M115: 0 | N115: 0
A116: SHERIFF | B116: WC031001 | C116: CJF - JAIL RECORDS AREA REMODEL AND UPDATES | D116: The Jail Records work area is in dire need of a remodel. The area has had the same desk workstations for over 20 years, which are deteriorating, falling apart and no longer functional. Ceiling tiles are missing and dilapidated due to previous flooding from the floor above that was never addressed. The carpet has not been cleaned in years, nor has there been regularly scheduled carpet cleaning. The area is a 24/7 operation and requires staff to be able to work in a safe, healthy, and productive work environment. The current workstations do not provide an ergonomic space and some workstations do not provide a clear view of customers, attorneys, and LE partners who are standing at the public windows needing assistance. The updated work area will provide an ergonomic and clean workspace, which will ensure safety and efficiency allowing employees to work to their full potential without the worry of eye, back, neck, hip, and/or general body strain. This leads to healthy and pain-free workers who are present, engaged and productive. The replacement of ceiling tiles, removal of the carpet and installation of rigid flooring will provide a work environment that is easier to clean and maintain, creating better indoor air quality due to less harbored allergens. This project will help MCSO fulfill its core services, with assisting citizens and employees of Milwaukee County, attorneys, and LE partners in an efficient, effective, and accurate manner. The MCSO will be hosting the American Jail Association’s National Conference in 2026, which will include tours of the MCJ, to include the Jail Records area. Allowing the jail records area to remain in its dilapidated condition will adversely reflect on the MCSO while in the national spotlight. This project will update and replace 21 workstations and 5+ offices. The workstation replacements include new panels with glass windows (for easy viewing of the public windows), height adjustable tables and desks, cabinets with drawers, ergonomic office chairs and all stations will be powered with power poles and duplex outlets, a mugshot camera, speakers each teller windowand replacement of ceiling tiles. | E116: The scope of work includes upgrading the CJF Jail Record areas with new workstations, furniture, computers, flooring, window speakers, painting, ceiling, and lighting. IMSD items include installing new network cables for six new workstations, phones, and one mugshot camera. Design and construction: Minimal project risk/unknowns with low probability of budget cost issues and/or project delays as defined in the cost estimate. | F116: SD04 | G116: 1 | H116: 469683 | I116: 0 | J116: 469683 | K116: 0 | L116: 0 | M116: 0 | N116: 0
A117: SHERIFF | B117: WC030801 | C117: CJF - SAFE ROOMS RETROFIT | D117: This capital project involves retrofitting existing cells and spaces within the Mental Health Unit (SNC #1), Housing Unit 4D recreation cell #3, and the 4A gym to create designated Safe Rooms. This project is a recommendation from the Creative Corrections, Correctional Management Review of the Milwaukee County Jail (October 2024), File #24-960. The Milwaukee County Jail, located at 949 N. 9th St., Milwaukee, WI 53233, is a detention facility operated by the Milwaukee County Sheriff’s Office. The facility houses both pre-trial occupants and sentenced individuals and provides a range of services designed to maintain order and support occupant well-being. The jail operates in accordance with regulations established by the Wisconsin Department of Corrections and follows applicable state statutes, including Wisconsin Statute 302.095, which governs the provision of items to occupants. The identified cells and spaces will be retrofitted to create secure Safe Rooms for occupants who are unable to maintain their personal safety. Modifications will include the installation or relocation of a floor drain, installation of protective padding covering the entire cell or designated space, and the installation of cameras for continuous monitoring. Additionally, two of the designated areas will require enclosure to prevent exposure to outside elements. (See Exhibits 2, 3, 7, 8, 10, and 14.) This project will improve safety and security at the Milwaukee County Jail for both occupants and staff by providing a designated, controlled environment for individuals who are experiencing a mental health crisis or are at risk of self-harm. The creation of Safe Rooms will provide an appropriate space for occupants who are currently unable to ensure their own safety and will help prevent potential deaths in custody. In addition, this project is expected to result in cost savings by reducing the number of unscheduled hospital transports resulting from self-harm incidents or occupant-on-occupant assaults. Such transports typically require deputies and correctional officers to provide security escorts. Reducing these incidents will help minimize overtime expenditures and reduce the County’s exposure to potential litigation related to serious injuries or deaths in custody. | E117: The scope of work includes construction "safe room" modifications to (3) 2nd floor cells in the CJF for temporary holding to prevent self harm, pursuiant to recommendations from 2024 safety audit. Considerations include retrofitting the safe door, toilet, sink, windows, bars, ceiling, walls, bed, HVAC, lighting, and sprinkler system. Also includes design for l intercom and cameras in each safe room, plus integration to existing floor control system. If needed, may include finishing fourth floor room design. | F117: SD13 | G117: 1 | H117: 728402 | I117: 0 | J117: 728402 | K117: 0 | L117: 600000 | M117: 600000 | N117: 0
... A121: SHERIFF | B121: WC031501 | C121: CJF - LIFE DETECTION SENSORS | D121: This project would add an additional layer of security between scheduled inspections. The Department of Corrections (DOC) mandates inspections every 60 minutes, while the Milwaukee County Sheriff’s Office (MCSO) requires inspections every 30 minutes. Both DOC and MCSO further require checks at irregular intervals of 15 minutes or less for occupants identified as suicidal. This project would help ensure occupants’ safety and well-being between these required inspections, particularly for vulnerable occupants who require more frequent monitoring. Ensuring the health and safety of individuals in our custody is one of our core responsibilities. Many occupants entering the facility present with significant health challenges, including mental health conditions, substance withdrawal, or other physical health concerns that require close observation and care. While safeguards such as mental health screenings, physical health assessments, and routine and irregular safety checks are in place, there are still periods between inspections when a medical emergency could occur. This capital project would provide continuous 24-hour monitoring of an occupant’s vital signs, including heart rate and respiratory rate. If a significant change is detected, the system would immediately alert medical staff and trigger a faster response. In these situations, rapid intervention is critical to protecting the occupant’s health and ensuring timely medical care. Life detection sensors provide continuous monitoring of vital movement and respiration, allowing staff to respond immediately to medical distress, overdoses, suicide attempts, or other life-threatening events. Early intervention can significantly reduce deaths in custody and serious medical emergencies. The technology also helps reduce liability exposure and potential litigation costs associated with in-custody deaths or medical incidents by demonstrating proactive measures to ensure occupant safety. Additionally, early detection of medical issues may reduce overtime costs related to emergency responses, hospital transports, and extended staffing needs. While the sensors do not replace required safety checks, they enhance monitoring in high-risk areas and help staff prioritize responses. Although life detection sensors require an upfront investment, the potential savings from avoided litigation, reduced medical emergencies, and improved risk management can outweigh the initial cost while improving occupant safety. 30-35 sensors will be installed in the Mental Health area and the Special Medical Unit. The mental health unit has a total of 19 cells. The special medical unit has a total of 11 cells. | E121: The scope of work includes buying and installing life detection sensors. 30-35 sensors will be installed in the Mental Health area and the Special Medical Unit. | F121: SD04 | G121: 1 | H121: 411050 | I121: 411050 | J121: 0 | K121: 0 | L121: 0 | M121: 0 | N121: 0
A122: SHERIFF Total | G122: 16 | H122: 9223231 | I122: 4247286 | J122: 4975945 | K122: 0 | L122: 11020740 | M122: 11020740 | N122: 0
A123: TRANSIT | B123: WT015601 | C123: BUS LIFT REPLACEMENT (2) - FDL SITE - GARAGE | D123: All original lifts which were installed in the 1980's at Milwaukee County Transit System (MCTS) are reaching the end of their useful life. To avoid failure, MCTS has been replacing lifts on an ongoing basis. MCTS is seeking to replace an additional 2 lifts at the FDL garage property to ensure safe and efficient operations to keep up with bus maintenance demands. The lifts are responsible for lifting buses into the air so that mechanics can easily work on areas of the vehicle which are otherwise impossible to access. Each bus weighs over 13 tons. Having this vital piece of equipment is extremely important to MCTS operations. If lifts cannot safely operate, they are not used. Closing down lifts that are no longer deemed safe would limit the capacity to perform bus repairs, which could ultimately impact MCTS' ability to provide transit services to the community. Additionally, if MCTS continues it's Battery Electric Bus program, all older lifts will need to be replaced with updated models that can handle the added weight of the battery packs, which can add upwards of 6,000 extra pounds to the vehicle. All existing lifts from the 1980's cannot safely handle the added weight of BEB's. In either case, the older existing lifts require replacement due to age, condition, and potential safety issues. Five new replacement lifts have been installed at the site, leaving the final six (included a wash lift) to be replaced over the next few years. This project would replace lifts 40w and 46e. Number 40 is a lift for a bus wash bay and is different from a traditional lift. It is currently non operational. 46e is a standard lift that is still orginal to the 1980's. Planned bus lifts replacements (for all sites) can be found in the PROGRAM PLACEHOLDER (FOR OUT-YEARS 2 - 5) - BUS LIFT REPLACEMENT PROGRAM project line in the 5-Year Capital Improvement Program. | E123: The scope of work includes design and construction for 2 bus lifts at FDL garage. Work consists of furnishing all labor, materials, supplies, equipment, tools and other services necessary for the removal and replacement of hydraulic in-ground bus lifts. Design and Construction: Project requires minimal design. Minimal project risk/unknowns with low probability of budget cost issues and/or project delays as defined in the cost estimate and previously completed similar projects. | F123: SD10 | G123: 1 | H123: 1779050 | I123: 622024 | J123: 0 | K123: 1157026 | L123: 0 | M123: 0 | N123: 0
A124: TRANSIT | B124: WT016701 | C124: CONCRETE YARD AND PARKING LOT REPLACEMENT - HILLSIDE SITE - FLEET MAINT BLDG | D124: The concrete at the Fleet Maintenance building is severely damaged. It is the original concrete from when the property was built. At the time of construction, there were issues with the fill beneath the property. Over the years the fill has continued to deteriorate which has caused water issues and small sinkholes. Due to the harsh climate, there has been noticeable heaving and crumbing of the concrete, curbs and asphalt. This property is where all heavy maintenance and repairs of Milwaukee County Transit System (MCTS) buses are done. Without suitable concrete to drive on, it is not safe to drive the 13 ton vehicles around the property. Cracks and other issues can result in damage to the vehicles and present a tripping and safety hazard to the staff that use the facility and parking lots. Fencing around the property will be replaced to improve the overall safety of the facility and to minimize threats to the assets and staff that are housed in that property. This project will also update the parking lot to LED lighting to further enhance security and to reduce energy costs and consumption. A review of the water management and underground pipes that lead into the facilitiy, which have also been contributing to the water/fill issues. | E124: The scope of work includes planning and design for replacement of the concrete pavement (and related utilities and equipment) for the entire transit garage site. Anticpated design work to include removal of all concrete pavement and replacement; Drainage/storm sewers, watermain, and other utility replacements under new pavement; and replacement of broken concrete curb and gutter as well as damaged chainlink fence; parking lot LED lighting; and protective bollards. | F124: SD10 | G124: 1 | H124: 473240 | I124: 473240 | J124: 0 | K124: 0 | L124: 7500000 | M124: 7500000 | N124: 0
A125: TRANSIT | B125: WT016901 | C125: ROOF REPLACEMENT - FDL SITE - MAINT BUILDING | D125: The roof on the Fond du Lac (FDL) Maintenance Building (the garage) has reached end of life. It is prone to leaking and due to the type of roof, it has also contributed to a significant bird problem at this facility. The roof is a ballasted roof covered in stone, which mimics the habitat for seagulls. Over the years, these types of roofs have been phased out at FDL due to that issue and the fact that they are all the original roofs from the 1980's. To avoid further leaks and issues, it is recommended that this roof be replaced to prevent leaks and other damage to the assets, staff and equipment in the building. | E125: The scope of work includes design and planning of roof replacement on the FDL Maintenance Building (the garage). Assesses and design possible ancillary systems such as identifying roof drainage, future scuppers, aluminum edges, access, railing, etc. Assumes HVAC is out of scope. | F125: SD10 | G125: 1 | H125: 123210 | I125: 123210 | J125: 0 | K125: 0 | L125: 1200000 | M125: 1200000 | N125: 0
A126: TRANSIT | B126: WT017001 | C126: ROOF REPLACEMENT - KK SITE - MAINT AND OPERATIONS BUILDINGS | D126: The roofs on the Kinnickinnic (KK) Operating Building (the station) and the Maintenance Building (the garage) have reached end of life. Both are prone to leaking and the station in particular has required a high number of repairs over the last year. This facility houses over 200 vehicles and over 300 staff. Milwaukee County Transit System staff has indicated it is critical to have safe, durable roofing over the buildings to ensure assets and staff are safe. In the first 3 months of 2025, MCTS spent nearly $2,000 to repair the leaking roof at the KK garage facility. | E126: The scope of work includes design and planning to completely tear-off and roof replacement on the KK Operating Building (the station) and the Maintenance Building (the garage). Assesses and design possible ancillary systems such as identifying roof drainage, future scuppers, aluminum edges, access, railing, etc. Assumes HVAC is out of scope. | F126: SD03 | G126: 1 | H126: 208500 | I126: 208500 | J126: 0 | K126: 0 | L126: 3600000 | M126: 3600000 | N126: 0
A127: TRANSIT | B127: WT017201 | C127: REPLACEMENT OF UNDERGROUND FUEL TANKS FDL | D127: Underground fuel tanks are passed the end of useful life and will potentially have issues passing regular inspections. Current tanks are single walled fiberglass - double walled is now required. Milwaukee County Transit System (MCTS) staff highly recommended replacement of the tanks, which are original to when the facility was built in the 1980's. The ability to fill and use these fuel tanks is critical to MCTS operations. Onsite fuel tanks allow MCTS to meet its service demands. Additionally, as the majority of MCTS fleet utilizes diesel fuel, well maintained and properly operating fuel tanks is critical. To keep the tanks operatational, MCTS has had to invest tens of thousands of dollars of repairs to the tanks. Most recently in 2025, MCTS had to spend $32,685 across KK and FDL to relocate and replace sump pumps in the tanks to keep water out of the fuel. This also does not account for the increased cost in filters and other manpower required to keep the tanks monitored, maintained and in working order. This request has been made annually since 2023 and has now become a critical replacement. | E127: The scope of work includes designing the excavation and replacement of underground fuel storage tanks (UST) at FDL including three 15,000 gallon diesel USTs and one 1,000 gallon oil UST. Also to be replaced are the associated piping, 3 new fuel pumps, electric line leak detection, teak monitoring system, and concrete. | F127: SD10 | G127: 1 | H127: 401510 | I127: 401510 | J127: 0 | K127: 0 | L127: 2996040 | M127: 2996040 | N127: 0
A128: TRANSIT | B128: WT016802 | C128: BUS LIFTS (2) KK SITE - MAINT BUILDING - PHASE 2 | D128: All original lifts which were installed in the 1980's at Milwaukee County Transit System (MCTS) are reaching the end of their useful life. To avoid failure, MCTS has been replacing lifts on an ongoing basis. In 2026 MCTS is seeking to replace an additional 2 lifts at the Kinnickinnic garage property to ensure safe and efficient operations to keep up with bus maintenance demands. The lifts are responsible for lifting buses into the air so that mechanics can easily work on areas of the vehicle which are otherwise impossible to access. Each bus weighs over 13 tons. Having this vital piece of equipment is extremely important to MCTS operations. If lifts cannot safely operate, they are not used. Closing down lifts that are no longer deemed safe would limit the capacity to perform bus repairs, which could ultimately impact MCTS' ability to provide transit services to the community. Additionally, if MCTS continues it's Battery Electric Bus program, all older lifts will need to be replaced with updated models that can handle the added weight of the battery packs, which can add upwards of 6,000 extra pounds to the vehicle. All existing lifts from the 1980's cannot safely handle the added weight of BEB's. In either case, the older existing lifts require replacement due to age, condition, and potential safety issues. This request would replace lifts 6 and 7, leaving lift 3 for replacement in a future year, which would conclude bus lift replacements in the garage at KK. Planned bus lifts replacements (for all sites) can be found in the PROGRAM PLACEHOLDER (FOR OUT-YEARS 2 - 5) - BUS LIFT REPLACEMENT PROGRAM project line in the 5-Year Capital Improvement Program. | E128: The scope of work includes design and construction for 2 bus lifts at Kinnickinnic garage. Work consists of furnishing all labor, materials, supplies, equipment, tools and other services necessary for the removal and replacement of hydraulic in-ground bus lifts. Design and Construction: Project requires minimal design. Minimal project risk/unknowns with low probability of budget cost issues and/or project delays as defined in the cost estimate and previously completed similar projects. MCTS has completed a large amount of bus lift replacements in recent years (13 lift replacements since 2020) and this project sets to continue the updates in order to work on large buses. | F128: SD03 | G128: 1 | H128: 1779050 | I128: 622024 | J128: 0 | K128: 1157026 | L128: 0 | M128: 0 | N128: 0
A129: TRANSIT | B129: WT005901 | C129: MCTS ADMINISTRATION BUILDING LIGHTING | D129: Convert all lighting within the MCTS admin building to LED to reduce energy consumption and improve lighting conditions. This includes the majority of indoor space that has not already been addressed. Extensive study and design have already taken place. This project is for the purchase and installation of specified lighting. Updating these lights will create a safer, more secure setting for employees to work, as well as save on energy consumption will which also reduce operating costs. MCTS staff indicate this system would have an ROI in 9.6 years, saving MCTS thousands of dollars per year in operating and maintenance costs. | E129: The scope of work includes construction to upgrade the lighting at the MCTS Administration Building (1942 N. 17th Street) to LED. This includes select interior and the outdoor ground lighting. | F129: SD10 | G129: 1 | H129: 518750 | I129: 0 | J129: 518750 | K129: 0 | L129: 0 | M129: 0 | N129: 0
A130: TRANSIT | B130: WT011401 | C130: LIGHTING IMPROVEMENTS (FDL GARAGE) | D130: Convert all lighting within the MCTS Fond du Lac property to LED to reduce energy consumption and improve lighting conditions. This includes the majority of indoor and outdoor space that has not already been addressed. Extensive study and design have already taken place. This project is for the purchase and installation of specified lighting. Updating these lights will create a safer, more secure setting for employees to work, as well as save on energy consumption will which also reduce operating costs. MCTS staff has indicated estimated savings of tens of thousands of dollars per year. MCTS staff estimates the ROI would be just over 6 years and would save MCTS roughly $60k in annual operations and maintenance costs. | E130: The scope of work includes construction to upgrade the lighting at the MCTS FDL facility (3343 W Fond du Lac Ave). This project covers approximately 7 acres and 9 buildings (Bus Barns 1-6, Tank House, Transportation Building, and Garage). | F130: SD10 | G130: 1 | H130: 1643750 | I130: 0 | J130: 1643750 | K130: 0 | L130: 0 | M130: 0 | N130: 0
A131: TRANSIT | B131: WT017701 | C131: BUS LIFT REPLACEMENT (2) – FLEET MAINT SITE – MAIN GARAGE | D131: All original lifts which were installed in the 1980's at Milwaukee County Transit System (MCTS) are reaching the end of their useful life. To avoid failure, MCTS has been replacing lifts on an ongoing basis. In 2026 MCTS is seeking to replace an additional 2 lifts at the Fleet Maintenance garage property to ensure safe and efficient operations to keep up with bus maintenance demands. The lifts are responsible for lifting buses into the air so that mechanics can easily work on areas of the vehicle which are otherwise impossible to access. Each bus weighs over 13 tons. Having this vital piece of equipment is extremely important to MCTS operations. If lifts cannot safely operate, they are not used. Closing down lifts that are no longer deemed safe would limit the capacity to perform bus repairs, which could ultimately impact MCTS' ability to provide transit services to the community. Additionally, if MCTS continues it's Battery Electric Bus program, all older lifts will need to be replaced with updated models that can handle the added weight of the battery packs, which can add upwards of 6,000 extra pounds to the vehicle. All existing lifts from the 1980's cannot safely handle the added weight of BEB's. In either case, the older existing lifts require replacement due to age, condition, and potential safety issues. There are 27 lifts located at the Fleet property. Seven have previously been replaced. This request would address lifts 19 and 40. Number 40 is a lift for a bus wash bay and is different from a traditional lift. It is non-operational at the moment due to ruptured underground lines. There are only two of these lifts at Fleet and they are both currently out of commision. Planned bus lifts replacements (for all sites) can be found in the PROGRAM PLACEHOLDER (FOR OUT-YEARS 2 - 5) - BUS LIFT REPLACEMENT PROGRAM project line in the 5-Year Capital Improvement Program. | E131: The scope of work includes design and construction for 2 bus lifts at fleet facility. Work consists of furnishing all labor, materials, supplies, equipment, tools and other services necessary for the removal and replacement of hydraulic in-ground bus lifts. Design and Construction: Project requires minimal design. Minimal project risk/unknowns with low probability of budget cost issues and/or project delays as defined in the cost estimate and previously completed similar projects. | F131: SD10 | G131: 1 | H131: 1779700 | I131: 598237 | J131: 0 | K131: 1181463 | L131: 0 | M131: 0 | N131: 0
A132: TRANSIT | B132: WT008001 | C132: MCTS FLEET MAINTENANCE LIGHTING UPGRADES | D132: Convert all lighting within the MCTS Fleet Maintenance property to LED to reduce energy consumption and improve lighting conditions. This includes the majority of indoor and outdoor space that has not already been addressed. Extensive study and design have already taken place. This project is for the purchase and installation of specified lighting. Updating these lights will create a safer, more secure setting for employees to work, as well as save on energy consumption will which also reduce operating costs. MCTS staff has indicated thousands of dollars per year in estimated annual operating and maintenance cost savings MCTS staff has also indicated an ROI of less than 5 years and the annual energy and maintenance savings total over $100k. | E132: The scope of work includes construction to upgrade the lighting at the MCTS Maintenance Building (1525 W. Vine Street) to LED. This includes all interior lighting of the building and some explosion proof fixtures. | F132: SD10 | G132: 1 | H132: 1456180 | I132: 0 | J132: 1456180 | K132: 0 | L132: 0 | M132: 0 | N132: 0
...

Sheet Summary Report ALL LOOKUP_AIR
A1: =CONCATENATE(ADMIN!B5," Capital Improvement Request Summary (includes updates from the originally submitted ",ADMIN!B7,"departmental requests)") -> 2027 Capital Improvement Request Summary (includes updates from the originally submitted July 15th departmental requests)
A5: ADMIN Directions:
A6: *Select NO for cell B12 to remove any projects that have been withdrawn and not offically requested by the DEPT as of the July 15 Statutory Deadline
A7: *Filter IN only the AIRPORT in cell A15
A8: *Be sure to REFRESH this pivot table once the DATA DL tab has been updated
A9: *NOTE: Do NOT make any other changes to this table as it is used in the Summary Report tab for the dynamic tables in ROWS 5-9 for the AIR projects
A12: Withdrawn by REQ DEPT | B12: NO | C12: <---Make sure this is selected as NO
F13: =CONCATENATE("YR 1 (",ADMIN!B5,")--Excluding AIRPORT") -> YR 1 (2027)--Excluding AIRPORT | J13: =CONCATENATE("YRS 2 - 5 (",ADMIN!B5+1," - ",ADMIN!B5+4,")--Excluding Airport") -> YRS 2 - 5 (2028 - 2031)--Excluding Airport
E14: Values
A15: Requesting Org Title | B15: 8 Digit Subproject | C15: Sub-Project Title: | D15: Supv District | E15: # of Projects | F15: Total PROJ EXP | G15: County - BOND | H15: County - CASH | I15: Non-County REV | J15: YRS 2-5 Total PROJ EXP | K15: YRD 2-5 REV - County (All Cnty Sources) | L15: YRS 2-5 REV - Non-County
A16: AIRPORT | B16: WA043401 | C16: MWC OBSTRUCTION REMOVAL | D16: SD04 | E16: 1 | F16: 360000 | G16: 0 | H16: 360000 | I16: 0 | J16: 0 | K16: 0 | L16: 0
A17: AIRPORT | B17: WA042101 | C17: MKE REMOVE RUNWAY 1R-19L (NORTH OF TAXIWAY W) | D17: SD04 | E17: 1 | F17: 7403650 | G17: 0 | H17: 925456 | I17: 6478194 | J17: 0 | K17: 0 | L17: 0
A18: AIRPORT | B18: WA043501 | C18: MKE CAR RENTAL LOBBY AND BATHROOMS RENOVATION | D18: SD04 | E18: 1 | F18: 1898080 | G18: 0 | H18: 1898080 | I18: 0 | J18: 0 | K18: 0 | L18: 0
A19: AIRPORT | B19: WA043701 | C19: MKE SAVER LOT A PARKING REHAB | D19: SD04 | E19: 1 | F19: 3713700 | G19: 3713700 | H19: 0 | I19: 0 | J19: 0 | K19: 0 | L19: 0
A20: AIRPORT | B20: WA043901 | C20: MKE PAGING SYSTEM REPLACEMENT | D20: SD04 | E20: 1 | F20: 756000 | G20: 0 | H20: 756000 | I20: 0 | J20: 0 | K20: 0 | L20: 0
A21: AIRPORT | B21: WA041801 | C21: MKE REHABILITATE TAXIWAY W, RUNWAY 1R/19L SOUTH OF TAXIWAY W | D21: SD04 | E21: 1 | F21: 12866210 | G21: 1608276 | H21: 0 | I21: 11257934 | J21: 0 | K21: 0 | L21: 0
A22: AIRPORT | B22: WA044603 | C22: MKE PARKING STRUCTURE REHABILITATION – PHASE 3 | D22: SD04 | E22: 1 | F22: 1416000 | G22: 0 | H22: 1416000 | I22: 0 | J22: 0 | K22: 0 | L22: 0
A23: AIRPORT | B23: WA045601 | C23: MKE BAGGAGE HANDLING CONTROL SYSTEM REPLACEMENT | D23: SD04 | E23: 1 | F23: 16402650 | G23: 16402650 | H23: 0 | I23: 0 | J23: 0 | K23: 0 | L23: 0
A24: AIRPORT | B24: WA045701 | C24: MKE CONCOURSE D FLOOR REPLACEMENT (HIGH TRAFFIC AREAS) | D24: SD04 | E24: 1 | F24: 352100 | G24: 0 | H24: 352100 | I24: 0 | J24: 3371640 | K24: 3371640 | L24: 0
A25: AIRPORT | B25: WA045801 | C25: MKE AIRPORT IT NETWORKING ACCESS REPLACEMENT | D25: SD04 | E25: 1 | F25: 811500 | G25: 0 | H25: 811500 | I25: 0 | J25: 0 | K25: 0 | L25: 0
A26: AIRPORT | B26: WA046001 | C26: MWC SECURITY AND WILDLIFE PERIMETER FENCING REPLACEMENT | D26: SD04 | E26: 1 | F26: 1099250 | G26: 0 | H26: 27481 | I26: 1071769 | J26: 0 | K26: 0 | L26: 0
A27: AIRPORT Total | E27: 11 | F27: 47079140 | G27: 21724626 | H27: 6546617 | I27: 18807897 | J27: 3371640 | K27: 3371640 | L27: 0
A28: Grand Total | E28: 11 | F28: 47079140 | G28: 21724626 | H28: 6546617 | I28: 18807897 | J28: 3371640 | K28: 3371640 | L28: 0

Sheet Summary Report ALL LOOKUP_NOAIR
A1: =CONCATENATE(ADMIN!B5," Capital Improvement Request Summary (includes updates from the originally submitted ",ADMIN!B7,"departmental requests)") -> 2027 Capital Improvement Request Summary (includes updates from the originally submitted July 15th departmental requests)
A5: ADMIN Directions:
A6: *Select NO for cell B12 to remove any projects that have been withdrawn and not offically requested by the DEPT as of the July 15 Statutory Deadline
A7: *Filter OUT the AIRPORT in cell A15
A8: *Be sure to REFRESH this pivot table once the DATA DL tab has been updated
A9: *NOTE: Do NOT make any other changes to this table as it is used in the Summary Report tab for the dynamic tables in ROWS 5-9 for the NON_AIR projects
A12: Withdrawn by REQ DEPT | B12: NO | C12: <---Make sure this is selected as NO
F13: =CONCATENATE("YR 1 (",ADMIN!B5,")--Excluding AIRPORT") -> YR 1 (2027)--Excluding AIRPORT | J13: =CONCATENATE("YRS 2 - 5 (",ADMIN!B5+1," - ",ADMIN!B5+4,")--Excluding Airport") -> YRS 2 - 5 (2028 - 2031)--Excluding Airport
E14: Values
A15: Requesting Org Title | B15: 8 Digit Subproject | C15: Sub-Project Title: | D15: Supv District | E15: # of Projects | F15: Total PROJ EXP | G15: County - BOND | H15: County - CASH | I15: Non-County REV | J15: YRS 2-5 Total PROJ EXP | K15: YRD 2-5 REV - County (All Cnty Sources) | L15: YRS 2-5 REV - Non-County
A16: CHARLES ALLIS | B16: WU050202 | C16: DEVELOPMENT AGREEMENT - CHARLES ALLIS DEFERRED MAINT - 2027 | D16: SD03 | E16: 1 | F16: 250000 | G16: 0 | H16: 250000 | I16: 0 | J16: 0 | K16: 0 | L16: 0
A17: CHARLES ALLIS Total | E17: 1 | F17: 250000 | G17: 0 | H17: 250000 | I17: 0 | J17: 0 | K17: 0 | L17: 0
A18: CLERK | B18: WI022001 | C18: ELECTION EQUIPMENT REPLACEMENTS | D18: SDCW | E18: 1 | F18: 2605390 | G18: 0 | H18: 2605390 | I18: 0 | J18: 2047970 | K18: 2047970 | L18: 0
A19: CLERK Total | E19: 1 | F19: 2605390 | G19: 0 | H19: 2605390 | I19: 0 | J19: 2047970 | K19: 2047970 | L19: 0
A20: COURTS | B20: WG004001 | C20: VEL PHILLIPS - SECURE COURTROOM (CHILDRENS COURT) | D20: SD06 | E20: 1 | F20: 641510 | G20: 641510 | H20: 0 | I20: 0 | J20: 6529678 | K20: 6529678 | L20: 0
A21: COURTS Total | E21: 1 | F21: 641510 | G21: 641510 | H21: 0 | I21: 0 | J21: 6529678 | K21: 6529678 | L21: 0
A22: CRC (FORMERLY HOC) | B22: WJ011601 | C22: CRC POWERHOUSE WINDOWS | D22: SD09 | E22: 1 | F22: 403250 | G22: 403250 | H22: 0 | I22: 0 | J22: 0 | K22: 0 | L22: 0
A23: CRC (FORMERLY HOC) | B23: WJ012101 | C23: CRC 600 & 400 BED DORMITORY ROOF | D23: SD09 | E23: 1 | F23: 347880 | G23: 347880 | H23: 0 | I23: 0 | J23: 7550000 | K23: 7550000 | L23: 0
A24: CRC (FORMERLY HOC) | B24: WJ012401 | C24: CRC BACK-UP GENERATOR REPLACEMENT | D24: SD09 | E24: 1 | F24: 150000 | G24: 150000 | H24: 0 | I24: 0 | J24: 0 | K24: 0 | L24: 0
A25: CRC (FORMERLY HOC) | B25: WJ011001 | C25: CRC BOILER HOUSE REPAIR STRUCTURAL SLAB | D25: SD09 | E25: 1 | F25: 1244430 | G25: 1244430 | H25: 0 | I25: 0 | J25: 0 | K25: 0 | L25: 0
A26: CRC (FORMERLY HOC) | B26: WJ011501 | C26: HOC CHILLERS REPAIRS (600 AND 400 FACS) | D26: SD09 | E26: 1 | F26: 967670 | G26: 967670 | H26: 0 | I26: 0 | J26: 0 | K26: 0 | L26: 0
A27: CRC (FORMERLY HOC) Total | E27: 5 | F27: 3113230 | G27: 3113230 | H27: 0 | I27: 0 | J27: 7550000 | K27: 7550000 | L27: 0
A28: DAS-ENV | B28: WV004401 | C28: MITCHELL PARK LIFT STATION UPGRADE | D28: SD12 | E28: 1 | F28: 131710 | G28: 131710 | H28: 0 | I28: 0 | J28: 1300000 | K28: 1300000 | L28: 0
A29: DAS-ENV | B29: WV006101 | C29: COUNTY-WIDE SANITARY SEWERS REPAIRS - 2027 | D29: SDCW | E29: 1 | F29: 270280 | G29: 0 | H29: 270280 | I29: 0 | J29: 0 | K29: 0 | L29: 0
A30: DAS-ENV Total | E30: 2 | F30: 401990 | G30: 131710 | H30: 270280 | I30: 0 | J30: 1300000 | K30: 1300000 | L30: 0
A31: DAS-FMD | B31: WD020201 | C31: WIL-O-WAY UNDERWOOD - NEW SPLASH PAD | D31: SD06 | E31: 1 | F31: 1219260 | G31: 1219260 | H31: 0 | I31: 0 | J31: 0 | K31: 0 | L31: 0
A32: DAS-FMD | B32: WG003701 | C32: FACILITIES WEST (LAPHAM) ROOF REPLACEMENT | D32: SD16 | E32: 1 | F32: 205340 | G32: 205340 | H32: 0 | I32: 0 | J32: 2750000 | K32: 2750000 | L32: 0
A33: DAS-FMD | B33: WC028901 | C33: CJF 102 AND 110 - SAFETY PARTITIONS | D33: SD13 | E33: 1 | F33: 330710 | G33: 0 | H33: 330710 | I33: 0 | J33: 0 | K33: 0 | L33: 0
A34: DAS-FMD | B34: WG004201 | C34: VEL PHILIPS - HVAC | D34: SD06 | E34: 1 | F34: 4153180 | G34: 4153180 | H34: 0 | I34: 0 | J34: 6750000 | K34: 6750000 | L34: 0
A35: DAS-FMD | B35: WS015201 | C35: CLINTON ROSE SR. CENTER CHILLER | D35: SD13 | E35: 1 | F35: 982650 | G35: 982650 | H35: 0 | I35: 0 | J35: 0 | K35: 0 | L35: 0
A36: DAS-FMD | B36: WS014406 | C36: SR CENTERS - FIRE PROTECTION SYS | D36: SDCW | E36: 1 | F36: 945660 | G36: 945660 | H36: 0 | I36: 0 | J36: 0 | K36: 0 | L36: 0
A37: DAS-FMD | B37: WS014506 | C37: SECURITY SYS UPGRADES | D37: SDCW | E37: 1 | F37: 247970 | G37: 0 | H37: 247970 | I37: 0 | J37: 510000 | K37: 510000 | L37: 0
A38: DAS-FMD | B38: WC029601 | C38: CJF - AUTOMATIC TRANSFER SWITCHES | D38: SD13 | E38: 1 | F38: 39560 | G38: 0 | H38: 39560 | I38: 0 | J38: 355000 | K38: 355000 | L38: 0
A39: DAS-FMD | B39: WG004401 | C39: VEL PHILLIPS - WATER SYSTEM | D39: SD06 | E39: 1 | F39: 95910 | G39: 0 | H39: 95910 | I39: 0 | J39: 583510 | K39: 583510 | L39: 0
A40: DAS-FMD | B40: WG004501 | C40: FACILITIES WEST (LAPHAM) - PARKING LOT | D40: SD16 | E40: 1 | F40: 941910 | G40: 941910 | H40: 0 | I40: 0 | J40: 0 | K40: 0 | L40: 0
A41: DAS-FMD | B41: WS015801 | C41: SR CENTERS - WILSON SIDING | D41: SD04 | E41: 1 | F41: 420310 | G41: 420310 | H41: 0 | I41: 0 | J41: 0 | K41: 0 | L41: 0
A42: DAS-FMD | B42: WS016001 | C42: SR CENTERS - WASHINGTON IMPROVEMENTS | D42: SD15 | E42: 1 | F42: 968300 | G42: 968300 | H42: 0 | I42: 0 | J42: 0 | K42: 0 | L42: 0
... A51: DAS-FMD | B51: WC027602 | C51: IJCC - COURTHOUSE COMPLEX OWNER CONSTRUCTION | D51: SD13 | E51: 1 | F51: 857948000 | G51: 842128000 | H51: 15820000 | I51: 0 | J51: 0 | K51: 0 | L51: 0
A52: DAS-FMD Total | E52: 21 | F52: 872558910 | G52: 852248210 | H52: 20310700 | I52: 0 | J52: 22657190 | K52: 22657190 | L52: 0
A53: DOT-DIR OFFC | B53: WO066101 | C53: TRAFFIC SAFETY - SS4A INVESTING IN VISON ZERO FOR ALL | D53: SDCW | E53: 1 | F53: 25510075 | G53: 0 | H53: 590715 | I53: 24919360 | J53: 0 | K53: 0 | L53: 0
A54: DOT-DIR OFFC Total | E54: 1 | F54: 25510075 | G54: 0 | H54: 590715 | I54: 24919360 | J54: 0 | K54: 0 | L54: 0
A55: EMERGENCY MANAGEMENT | B55: WQ021201 | C55: 911 CAD REPLACEMENT – OEM | D55: SDCW | E55: 1 | F55: 9526952 | G55: 0 | H55: 9526952 | I55: 0 | J55: 0 | K55: 0 | L55: 0
A56: EMERGENCY MANAGEMENT Total | E56: 1 | F56: 9526952 | G56: 0 | H56: 9526952 | I56: 0 | J56: 0 | K56: 0 | L56: 0
A57: FLEET MANAGEMENT | B57: WF055701 | C57: FLEET STORAGE TANK SYSTEM REPLACEMENT | D57: SD06 | E57: 1 | F57: 177960 | G57: 177960 | H57: 0 | I57: 0 | J57: 2000000 | K57: 2000000 | L57: 0
A58: FLEET MANAGEMENT | B58: WF061901 | C58: COUNTYWIDE VEHICLE AND EQUIPMENT REPLACEMENT (CRNT) - 2027 | D58: SDCW | E58: 1 | F58: 3736000 | G58: 3736000 | H58: 0 | I58: 0 | J58: 0 | K58: 0 | L58: 0
A59: FLEET MANAGEMENT | B59: WF062101 | C59: FLEET CENTRAL GARAGE BOILER REPLACEMENT | D59: SD06 | E59: 1 | F59: 99970 | G59: 99970 | H59: 0 | I59: 0 | J59: 1587860 | K59: 1587860 | L59: 0
A60: FLEET MANAGEMENT Total | E60: 3 | F60: 4013930 | G60: 4013930 | H60: 0 | I60: 0 | J60: 3587860 | K60: 3587860 | L60: 0
A61: IMSD | B61: WI021301 | C61: CITYWORKS APPLICATION – (SAAS) MIGRATION | D61: SDCW | E61: 1 | F61: 410000 | G61: 0 | H61: 410000 | I61: 0 | J61: 0 | K61: 0 | L61: 0
A62: IMSD | B62: WI020904 | C62: TECHNOLOGY LIFECYCLE REPLACEMENTS - IMSD - PHASE 4 | D62: SDCW | E62: 1 | F62: 7268855 | G62: 0 | H62: 7268855 | I62: 0 | J62: 0 | K62: 0 | L62: 0
A63: IMSD Total | E63: 2 | F63: 7678855 | G63: 0 | H63: 7678855 | I63: 0 | J63: 0 | K63: 0 | L63: 0
A64: MCPA | B64: WU020112 | C64: MARCUS CENTER - GEN CAPITAL IMPROVEMENTS AMENDMENT 3 – 2027 | D64: SD03 | E64: 1 | F64: 755000 | G64: 0 | H64: 755000 | I64: 0 | J64: 0 | K64: 0 | L64: 0
A65: MCPA Total | E65: 1 | F65: 755000 | G65: 0 | H65: 755000 | I65: 0 | J65: 0 | K65: 0 | L65: 0
A66: PARKS | B66: WP046801 | C66: SPORTS COMPLEX MUA | D66: SD09 | E66: 1 | F66: 3335960 | G66: 3335960 | H66: 0 | I66: 0 | J66: 0 | K66: 0 | L66: 0
A67: PARKS | B67: WP052301 | C67: LAKE PARK STEEL ARCH BRIDGE | D67: SD03 | E67: 1 | F67: 307880 | G67: 307880 | H67: 0 | I67: 0 | J67: 1537940 | K67: 1537940 | L67: 0
A68: PARKS | B68: WP054001 | C68: RR PRKWAY-124TH MORGAN AND RR LINCOLN TO OKLAHOMA-NATIONAL | D68: SD16 | E68: 1 | F68: 447530 | G68: 447530 | H68: 0 | I68: 0 | J68: 8500000 | K68: 8500000 | L68: 0
A69: PARKS | B69: WP054301 | C69: PARKS ADA INVENTORY AND ASSESSMENT | D69: SDCW | E69: 1 | F69: 170640 | G69: 0 | H69: 170640 | I69: 0 | J69: 0 | K69: 0 | L69: 0
A70: PARKS | B70: WP054501 | C70: WHITNALL GOLF COURSE IRRIGATION | D70: SD09 | E70: 1 | F70: 3981140 | G70: 3981140 | H70: 0 | I70: 0 | J70: 5185326 | K70: 5185326 | L70: 0
A71: PARKS | B71: WP054901 | C71: BENDER PARK-BREAKWATER RECONFIGURATION | D71: SD17 | E71: 1 | F71: 671900 | G71: 671900 | H71: 0 | I71: 0 | J71: 5724370 | K71: 5724370 | L71: 0
A72: PARKS | B72: WP057001 | C72: MCKINLEY PARKING LOTS - PHASE 3 | D72: SD03 | E72: 1 | F72: 282260 | G72: 282260 | H72: 0 | I72: 0 | J72: 2013230 | K72: 2013230 | L72: 0
A73: PARKS | B73: WP062601 | C73: COOL WATERS OVERFLOW PARKING LOT & SERVICE YARD | D73: SD16 | E73: 1 | F73: 292550 | G73: 292550 | H73: 0 | I73: 0 | J73: 2193870 | K73: 2193870 | L73: 0
A74: PARKS | B74: WP070602 | C74: BAY VIEW PARK - REVETMENT | D74: SD08 | E74: 1 | F74: 12320890 | G74: 12320890 | H74: 0 | I74: 0 | J74: 0 | K74: 0 | L74: 0
A75: PARKS | B75: WP074701 | C75: PARKS RIPARIAN WALLS – INVENTORY AND ASSESSMENT | D75: SDCW | E75: 1 | F75: 144810 | G75: 0 | H75: 144810 | I75: 0 | J75: 0 | K75: 0 | L75: 0
A76: PARKS | B76: WP075101 | C76: BROWN DEER TENNIS & PICKLEBALL | D76: SD02 | E76: 1 | F76: 118010 | G76: 118010 | H76: 0 | I76: 0 | J76: 704720 | K76: 704720 | L76: 0
A77: PARKS | B77: WP075401 | C77: JACOBUS PARK SPRAYGROUND - PLAYGROUND | D77: SD06 | E77: 1 | F77: 835418 | G77: 835418 | H77: 0 | I77: 0 | J77: 0 | K77: 0 | L77: 0
... A96: PARKS | B96: WP065801 | C96: CURRIE PARK REPLACE PARKING LOT AND CART PATH IMPROVEMENTS | D96: SD06 | E96: 1 | F96: 6800510 | G96: 6800510 | H96: 0 | I96: 0 | J96: 0 | K96: 0 | L96: 0
A97: PARKS | B97: WP085001 | C97: PLAYGROUND AND SPLASHPAD SURFACING REPLACEMENT | D97: 0 | E97: 1 | F97: 588507 | G97: 588507 | H97: 0 | I97: 0 | J97: 0 | K97: 0 | L97: 0
A98: PARKS | B98: WP084901 | C98: COMPREHENSIVE ATHLETIC FIELD PLANNING STUDY | D98: SDCW | E98: 1 | F98: 101600 | G98: 0 | H98: 101600 | I98: 0 | J98: 0 | K98: 0 | L98: 0
A99: PARKS | B99: WP084801 | C99: LAND RESOURCES-WOOD WASTE RECYCLING FACILITY STUDY + DESIGN | D99: SDCW | E99: 1 | F99: 510980 | G99: 0 | H99: 510980 | I99: 0 | J99: 10415590 | K99: 10415590 | L99: 0
A100: PARKS | B100: WP084701 | C100: MCKINLEY MARINA DOCK AND PEDESTAL REPLACEMENT | D100: SD03 | E100: 1 | F100: 1278840 | G100: 1278840 | H100: 0 | I100: 0 | J100: 40851390 | K100: 40851390 | L100: 0
A101: PARKS | B101: WP084601 | C101: PARK PATHS - WAHL TO BRADFORD BRIDGE, WAHL TO NEWBERRY | D101: SD03 | E101: 1 | F101: 171160 | G101: 0 | H101: 171160 | I101: 0 | J101: 1581180 | K101: 1581180 | L101: 0
A102: PARKS | B102: WP084401 | C102: MITCHELL BOULEVARD PARK PLAYGROUND RENOVATION | D102: SD15 | E102: 1 | F102: 422020 | G102: 422020 | H102: 0 | I102: 0 | J102: 0 | K102: 0 | L102: 0
A103: PARKS | B103: WP085101 | C103: PARKS MAINTENANCE HIGH VOLTAGE SERVICE UPDATE | D103: SD06 | E103: 1 | F103: 172180 | G103: 172180 | H103: 0 | I103: 0 | J103: 2302560 | K103: 2302560 | L103: 0
A104: PARKS | B104: WP076101 | C104: PARK WALKWAY REPLACEMENTS PHASE 1 | D104: SDCW | E104: 1 | F104: 944390 | G104: 744390 | H104: 200000 | I104: 0 | J104: 0 | K104: 0 | L104: 0
A105: PARKS Total | E105: 39 | F105: 64778001 | G105: 60958741 | H105: 3819260 | I105: 0 | J105: 130194636 | K105: 130194636 | L105: 0
A106: SHERIFF | B106: WR020501 | C106: LAKEFRONT CAMERAS AND VIDEO ANALYTICS | D106: SD03 | E106: 1 | F106: 510600 | G106: 510600 | H106: 0 | I106: 0 | J106: 0 | K106: 0 | L106: 0
A107: SHERIFF | B107: WR020601 | C107: TRAINING ACADEMY - SECURITY IMPROVEMENTS | D107: SD09 | E107: 1 | F107: 496143 | G107: 0 | H107: 496143 | I107: 0 | J107: 0 | K107: 0 | L107: 0
A108: SHERIFF | B108: WR020701 | C108: TRAINING ACADEMY - HVAC AND PLUMBING REPLACEMENTS | D108: SD09 | E108: 1 | F108: 100610 | G108: 0 | H108: 100610 | I108: 0 | J108: 1101110 | K108: 1101110 | L108: 0
A109: SHERIFF | B109: WR020801 | C109: VEHICLE BARRIER SYSTEM | D109: SDCW | E109: 1 | F109: 198568 | G109: 198568 | H109: 0 | I109: 0 | J109: 0 | K109: 0 | L109: 0
A110: SHERIFF | B110: WR020901 | C110: CAMERA TOWERS AND TRAILER SYSTEMS | D110: SDCW | E110: 1 | F110: 266858 | G110: 266858 | H110: 0 | I110: 0 | J110: 0 | K110: 0 | L110: 0
A111: SHERIFF | B111: WR021001 | C111: TRAINING TRACK (EVOC) – SHERIFF TRAINING ACADEMY | D111: SD09 | E111: 1 | F111: 201470 | G111: 201470 | H111: 0 | I111: 0 | J111: 1400000 | K111: 1400000 | L111: 0
A112: SHERIFF | B112: WR021201 | C112: TRAINING ACADEMY AND PARKING LOT REPLACEMENT | D112: SD09 | E112: 1 | F112: 2433800 | G112: 2433800 | H112: 0 | I112: 0 | J112: 0 | K112: 0 | L112: 0
A113: SHERIFF | B113: WR021601 | C113: CJF - CAMERA REPLACEMENTS | D113: SD13 | E113: 1 | F113: 586500 | G113: 0 | H113: 586500 | I113: 0 | J113: 0 | K113: 0 | L113: 0
A114: SHERIFF | B114: WC031101 | C114: CJF IN-PERSON VISITATION | D114: SD04 | E114: 1 | F114: 561000 | G114: 0 | H114: 561000 | I114: 0 | J114: 6120000 | K114: 6120000 | L114: 0
A115: SHERIFF | B115: WR021901 | C115: TRAINING ACADEMY - GENERAL INTERIOR REPAIRS AND UPDATES | D115: SD09 | E115: 1 | F115: 1439870 | G115: 0 | H115: 1439870 | I115: 0 | J115: 0 | K115: 0 | L115: 0
A116: SHERIFF | B116: WC031001 | C116: CJF - JAIL RECORDS AREA REMODEL AND UPDATES | D116: SD04 | E116: 1 | F116: 469683 | G116: 0 | H116: 469683 | I116: 0 | J116: 0 | K116: 0 | L116: 0
A117: SHERIFF | B117: WC030801 | C117: CJF - SAFE ROOMS RETROFIT | D117: SD13 | E117: 1 | F117: 728402 | G117: 0 | H117: 728402 | I117: 0 | J117: 600000 | K117: 600000 | L117: 0
... A121: SHERIFF | B121: WC031501 | C121: CJF - LIFE DETECTION SENSORS | D121: SD04 | E121: 1 | F121: 411050 | G121: 411050 | H121: 0 | I121: 0 | J121: 0 | K121: 0 | L121: 0
A122: SHERIFF Total | E122: 16 | F122: 9223231 | G122: 4247286 | H122: 4975945 | I122: 0 | J122: 11020740 | K122: 11020740 | L122: 0
A123: TRANSIT | B123: WT015601 | C123: BUS LIFT REPLACEMENT (2) - FDL SITE - GARAGE | D123: SD10 | E123: 1 | F123: 1779050 | G123: 622024 | H123: 0 | I123: 1157026 | J123: 0 | K123: 0 | L123: 0
A124: TRANSIT | B124: WT016701 | C124: CONCRETE YARD AND PARKING LOT REPLACEMENT - HILLSIDE SITE - FLEET MAINT BLDG | D124: SD10 | E124: 1 | F124: 473240 | G124: 473240 | H124: 0 | I124: 0 | J124: 7500000 | K124: 7500000 | L124: 0
A125: TRANSIT | B125: WT016901 | C125: ROOF REPLACEMENT - FDL SITE - MAINT BUILDING | D125: SD10 | E125: 1 | F125: 123210 | G125: 123210 | H125: 0 | I125: 0 | J125: 1200000 | K125: 1200000 | L125: 0
A126: TRANSIT | B126: WT017001 | C126: ROOF REPLACEMENT - KK SITE - MAINT AND OPERATIONS BUILDINGS | D126: SD03 | E126: 1 | F126: 208500 | G126: 208500 | H126: 0 | I126: 0 | J126: 3600000 | K126: 3600000 | L126: 0
A127: TRANSIT | B127: WT017201 | C127: REPLACEMENT OF UNDERGROUND FUEL TANKS FDL | D127: SD10 | E127: 1 | F127: 401510 | G127: 401510 | H127: 0 | I127: 0 | J127: 2996040 | K127: 2996040 | L127: 0
A128: TRANSIT | B128: WT016802 | C128: BUS LIFTS (2) KK SITE - MAINT BUILDING - PHASE 2 | D128: SD03 | E128: 1 | F128: 1779050 | G128: 622024 | H128: 0 | I128: 1157026 | J128: 0 | K128: 0 | L128: 0
A129: TRANSIT | B129: WT005901 | C129: MCTS ADMINISTRATION BUILDING LIGHTING | D129: SD10 | E129: 1 | F129: 518750 | G129: 0 | H129: 518750 | I129: 0 | J129: 0 | K129: 0 | L129: 0
A130: TRANSIT | B130: WT011401 | C130: LIGHTING IMPROVEMENTS (FDL GARAGE) | D130: SD10 | E130: 1 | F130: 1643750 | G130: 0 | H130: 1643750 | I130: 0 | J130: 0 | K130: 0 | L130: 0
A131: TRANSIT | B131: WT017701 | C131: BUS LIFT REPLACEMENT (2) – FLEET MAINT SITE – MAIN GARAGE | D131: SD10 | E131: 1 | F131: 1779700 | G131: 598237 | H131: 0 | I131: 1181463 | J131: 0 | K131: 0 | L131: 0
A132: TRANSIT | B132: WT008001 | C132: MCTS FLEET MAINTENANCE LIGHTING UPGRADES | D132: SD10 | E132: 1 | F132: 1456180 | G132: 0 | H132: 1456180 | I132: 0 | J132: 0 | K132: 0 | L132: 0
A133: TRANSIT | B133: WT017901 | C133: DRIVER BARRIER UPGRADES PHASE 1 (GILLIGS ONLY) | D133: SDCW | E133: 1 | F133: 990500 | G133: 990500 | H133: 0 | I133: 0 | J133: 0 | K133: 0 | L133: 0
A134: TRANSIT | B134: WT018001 | C134: BUS WASH REPLACEMENTS KK AND FDL | D134: SD10 | E134: 1 | F134: 1800000 | G134: 1800000 | H134: 0 | I134: 0 | J134: 0 | K134: 0 | L134: 0
...

Sheet DATA DL_AIR
A1: Source.Name | B1: Requesting Org Code | C1: Requesting Org Code and Title | D1: Requesting Org Title | E1: CAP ORG | F1: 8 Digit Subproject | G1: YR 1 Phase (DESC) | H1: YR 1 Phase (Number Only) | I1: YR 2-5 Phase (DESC) | J1: YR 2-5 Phase (Number Only) | K1: YR 1 Total EXP | L1: YR 1 REV - County (Bond) | M1: bond count | N1: YR 1 REV - County (Cash) | O1: cash count | P1: cash+bond count | Q1: Bond + Cash financing (county)-$ | R1: Bond or Cash financing (county)-Text | S1: YR 1 REV - Non-County | T1: YR 2-5 Total EXP | U1: YR 2 REV - County (Bond + Cash) | V1: YR 3 REV - County (Bond + Cash) | W1: YR 4 REV - County (Bond + Cash) | X1: YR 5 REV - County (Bond + Cash) | Y1: YR 2-5 REV - County (All Cnty Sources) | Z1: YR 2-5 REV - Non-County | AA1: Funding Source 1 Tab BALANCES for SHERPA Import | AB1: BUDGET MODULE ACCT IMPORT Tab Balances for SHERPA Import | AC1: BUDGET MODULE ACCT IMPORT Tab -- CIC pivot tables balance (REV)? | AD1: Ongoing Operational Costs for new technology projects (see IMSD cost estimating tab for detail) | AE1: YR 1 Scope Check Under 1000 Characters? | AF1: YR 2-5 Scope Check Under 1000 Characters? | AG1: Sub-Project Title: | AH1: (1)-Date (M/D/YR) of entries: | AI1: (8)-Department Contact: | AJ1: (9)-Contact's Phone: | AK1: (10)-Contact's Email: | AL1: (11)-Sub-Project Need(s) and Problem Statement: (NOTE-The description you provide below is included in the Budget Narrative's "Need" Section) | AM1: (17)-Does the Sub-Project ADD to the County's Infrastructure Footprint (excludes replacement infrastructure)?: | AN1: (19)-Alternative Option(s) explored and/or developed? | AO1: (21)-Will the sub-project affect your dept/div annual operating costs? | AP1: (2)-Asset Ctgry: | AQ1: (13)-What is the Project Background/Complexity/Risk; Asset Charter Available:---CHARTER AVAIL? | AR1: (13)-What is the Project Background/Complexity/Risk; Asset Charter Available:---SCHEDULE ISSUES? | AS1: (12)-Project address a Life/Safety Issue OR IT Security Risk? (Select "X" in the ONE that is most appropriate):----TECH | AT1: (12)-Project address a Life/Safety Issue OR IT Security Risk? (Select "X" in the ONE that is most appropriate):----EXISTING LIFE-SAFETY | AU1: (12)-Project address a Life/Safety Issue OR IT Security Risk? (Select "X" in the ONE that is most appropriate):----POTENTIAL LIFE-SAFETY | AV1: (13)-What is the Project Background/Complexity/Risk; Asset Charter Available:---PARTNERSHIP(S) | AW1: (23)-Is the Sub-Project included in the Dept's Strategic/Master Plan OR most recent 5-YR CIP (2024-2028)? | AX1: (15)-Bldg Mission Category -- Is the project related to a building or facility? | AY1: (16)-Does the sub-project address items set by State/Federal Mandate(s) or legally binding agreement(s)? ---STATE-FED MANDATE | AZ1: (16)-Does the sub-project address items set by State/Federal Mandate(s) or legally binding agreement(s)? ---CONTRACTS - LEGALLY BINDING | BA1: (18)-Does the Sub-Project address CITED and existing ADA violations and/or any local building code violations?: | BB1: (14)-Racial Equity | BC1: Continuing-Ongoing: | BD1: (20)-Is the sub-project part of a Continuing Replacement Program (i.e. annually recurring major asset replacements)? | BE1: 1-CE REQ Form Date Complete | BF1: (22)-Does this project address major deferred maintenance? | BG1: Column1 | BH1: (5)-Asset Zipcode:----Primary | BI1: (5)-Asset Zipcode:----Overlap 1 | BJ1: (5)-Asset Zipcode:----Overlap 2 | BK1: (5)-Asset Zipcode:----Overlap 3 | BL1: (6)-Supv District:----Primary | BM1: (6)-Supv District:----Overlap 1 | BN1: (6)-Supv District:----Overlap 2 | BO1: (6)-Supv District:----Overlap 3 | BP1: (3)-Asset Municipality:----Primary | BQ1: (3)-Asset Municipality:----Overlap 1 | BR1: (3)-Asset Municipality:----Overlap 2 | BS1: (3)-Asset Municipality:----Overlap 3 | BT1: (4)-Asset Street Address:----Primary | BU1: (4)-Asset Street Address:----Overlap 1 | BV1: (4)-Asset Street Address:----Overlap 2 | BW1: (4)-Asset Street Address:----Overlap 3 | BX1: Climate Impact Score | BY1: Climate Reduction Description: | BZ1: Climate Impact | CA1: (24)-Climate Impact | CB1: Open | CC1: Open_1 | CD1: YR 1 Scope | CE1: Out-Year Scope | CF1: Cost Estimator | CG1: CE Dept | CH1: Complete Site Acquisition | CI1: PS-Complete Preliminary Plan (YR -QTR) | CJ1: PS-Complete Final Plans & Specs (YR-QTR) | CK1: PS-Begin Implementation/Purchase Asset (YR-QTR) | CL1: PS-Substantially Completed (YR-QTR) | CM1: PS-Scheduled Closeout (YR-QTR) | CN1: Useful Life (Yrs) | CO1: IMSD-Phase 2 Can be Split? | CP1: Level of Project Risk/Unknowns/Complexity | CQ1: Specialized Consultant(s) Retained: | CR1: Design Level Completed for Phase 2 CE | CS1: Design Only REQ? | CT1: Date of CE | CU1: Managing Dept | CV1: Open_2 | CW1: Open_3 | CX1: Open_4 | CY1: Open_5 | CZ1: Withdrawn by REQ DEPT | DA1: REQ has been submitted to OSBP for Cost Estm | DB1: Contractual1 | DC1: Mandated1 | DF1: Source.Name | DG1: Requesting Org Code | DH1: Requesting Org Code and Title | DI1: Requesting Org Title | DJ1: CAP ORG | DK1: 8 Digit Subproject | DL1: YR 1 Phase (DESC) | DM1: YR 1 Phase (Number Only) | DN1: YR 2-5 Phase (DESC) | DO1: YR 2-5 Phase (Number Only) | DP1: YR 1 Total EXP | DQ1: YR 1 REV - County (Bond) | DR1: bond count | DS1: YR 1 REV - County (Cash) | DT1: cash count | DU1: cash+bond count | DV1: Bond + Cash financing (county)-$ | DW1: Bond or Cash financing (county)-Text | DX1: YR 1 REV - Non-County | DY1: YR 2-5 Total EXP | DZ1: YR 2 REV - County (Bond + Cash) | EA1: YR 3 REV - County (Bond + Cash) | EB1: YR 4 REV - County (Bond + Cash) | EC1: YR 5 REV - County (Bond + Cash) | ED1: YR 2-5 REV - County (All Cnty Sources) | EE1: YR 2-5 REV - Non-County | EF1: Funding Source 1 Tab BALANCES for SHERPA Import | EG1: BUDGET MODULE ACCT IMPORT Tab Balances for SHERPA Import | EH1: BUDGET MODULE ACCT IMPORT Tab -- CIC pivot tables balance (REV)? | EI1: Ongoing Operational Costs for new technology projects (see IMSD cost estimating tab for detail) | EJ1: YR 1 Scope Check Under 1000 Characters? | EK1: YR 2-5 Scope Check Under 1000 Characters? | EL1: Sub-Project Title: | EM1: (1)-Date (M/D/YR) of entries: | EN1: (8)-Department Contact: | EO1: (9)-Contact's Phone: | EP1: (10)-Contact's Email: | EQ1: (11)-Sub-Project Need(s) and Problem Statement: (NOTE-The description you provide below is included in the Budget Narrative's "Need" Section) | ER1: (17)-Does the Sub-Project ADD to the County's Infrastructure Footprint (excludes replacement infrastructure)?: | ES1: (19)-Alternative Option(s) explored and/or developed? | ET1: (21)-Will the sub-project affect your dept/div annual operating costs? | EU1: (2)-Asset Ctgry: | EV1: (13)-What is the Project Background/Complexity/Risk; Asset Charter Available:---CHARTER AVAIL? | EW1: (13)-What is the Project Background/Complexity/Risk; Asset Charter Available:---SCHEDULE ISSUES? | EX1: (12)-Project address a Life/Safety Issue OR IT Security Risk? (Select "X" in the ONE that is most appropriate):----TECH | EY1: (12)-Project address a Life/Safety Issue OR IT Security Risk? (Select "X" in the ONE that is most appropriate):----EXISTING LIFE-SAFETY | EZ1: (12)-Project address a Life/Safety Issue OR IT Security Risk? (Select "X" in the ONE that is most appropriate):----POTENTIAL LIFE-SAFETY | FA1: (13)-What is the Project Background/Complexity/Risk; Asset Charter Available:---PARTNERSHIP(S) | FB1: (23)-Is the Sub-Project included in the Dept's Strategic/Master Plan OR most recent 5-YR CIP (2024-2028)? | FC1: (15)-Bldg Mission Category -- Is the project related to a building or facility? | FD1: (16)-Does the sub-project address items set by State/Federal Mandate(s) or legally binding agreement(s)? ---STATE-FED MANDATE | FE1: (16)-Does the sub-project address items set by State/Federal Mandate(s) or legally binding agreement(s)? ---CONTRACTS - LEGALLY BINDING | FF1: (18)-Does the Sub-Project address CITED and existing ADA violations and/or any local building code violations?: | FG1: (14)-Racial Equity | FH1: Continuing-Ongoing: | FI1: (20)-Is the sub-project part of a Continuing Replacement Program (i.e. annually recurring major asset replacements)? | FJ1: 1-CE REQ Form Date Complete | FK1: (22)-Does this project address major deferred maintenance? | FL1: Column1 | FM1: (5)-Asset Zipcode:----Primary | FN1: (5)-Asset Zipcode:----Overlap 1 | FO1: (5)-Asset Zipcode:----Overlap 2 | FP1: (5)-Asset Zipcode:----Overlap 3 | FQ1: (6)-Supv District:----Primary | FR1: (6)-Supv District:----Overlap 1 | FS1: (6)-Supv District:----Overlap 2 | FT1: (6)-Supv District:----Overlap 3 | FU1: (3)-Asset Municipality:----Primary | FV1: (3)-Asset Municipality:----Overlap 1 | FW1: (3)-Asset Municipality:----Overlap 2 | FX1: (3)-Asset Municipality:----Overlap 3 | FY1: (4)-Asset Street Address:----Primary | FZ1: (4)-Asset Street Address:----Overlap 1 | GA1: (4)-Asset Street Address:----Overlap 2 | GB1: (4)-Asset Street Address:----Overlap 3 | GC1: Climate Impact Score | GD1: Climate Reduction Description: | GE1: Climate Impact | GF1: Open | GG1: Open_1 | GH1: Open_2 | GI1: YR 1 Scope | GJ1: Out-Year Scope | GK1: Cost Estimator | GL1: CE Dept | GM1: Complete Site Acquisition | GN1: PS-Complete Preliminary Plan (YR -QTR) | GO1: PS-Complete Final Plans & Specs (YR-QTR) | GP1: PS-Begin Implementation/Purchase Asset (YR-QTR) | GQ1: PS-Substantially Completed (YR-QTR) | GR1: PS-Scheduled Closeout (YR-QTR) | GS1: Useful Life (Yrs) | GT1: IMSD-Phase 2 Can be Split? | GU1: Level of Project Risk/Unknowns/Complexity | GV1: Specialized Consultant(s) Retained: | GW1: Design Level Completed for Phase 2 CE | GX1: Design Only REQ? | GY1: Date of CE | GZ1: Managing Dept | HA1: Open_3 | HB1: Open_4 | HC1: Open_5 | HD1: #REF! | HE1: Withdrawn by REQ DEPT | HF1: REQ has been submitted to OSBP for Cost Estm
A2: PF_WA043701_MKE SAVER LOT A PARKING REHAB.XLSM | B2: 5039 | C2: 5039_AIRPORT | D2: AIRPORT | E2: 1300 | F2: WA043701 | G2: 2 - Construction & Implementation | H2: 2 | I2: None. | J2: None. | K2: 3713700 | L2: 3713700 | M2: 1 | N2: 0 | O2: 0 | P2: 1 | Q2: 3713700 | R2: BOND | S2: 0 | T2: 0 | U2: 0 | V2: 0 | W2: 0 | X2: 0 | Y2: 0 | Z2: 0 | AA2: YES | AB2: YES_BUDGET MODULE ACCT IMPORT tab for SHERPA import is balanced | AC2: TRUE | AD2: 0 | AE2: YES | AF2: YES | AG2: MKE SAVER LOT A PARKING REHAB | AH2: 46160 | AI2: LUKAS BINTZ | AJ2: 414-747-4614 | AK2: lbintz@mitchellairport.com | AL2: This project is for the construction phase of the rehabilitation of Saver Lot A at Milwaukee Mitchell International Airport (MKE). The pavement in this parking lot is past its useful life and has not been rehabbed in over 20 years. There are numerous areas of failed pavement (alligator cracking), and repair patching is no longer able to sustain this pavement. The funding source is airline rate backed revenue bonds. | AM2: NO | AN2: NO__Please provide an explanation of why alternative options were not researched: Due to the current pavement condition, full renewal is required. Further delay in renewal will result in accelerating maintenance costs and maintenance work will not last as long. | AO2: 00__NO__Annual financial impact includes: N/A | AP2: Hard-Surface (Non-Roadway) | AQ2: NO | AR2: YES__Construction can only happen in summer. Work must be delayed until after the spring break peak in travel and be completed prior to thanksgiving holiday travel. | AS2: 00__Technology Security Risk(s) Addressed: | AT2: 00__Safety-Risk Issue(s) Addressed: | AU2: 00__Safety-Risk Issue(s) Addressed: | AV2: NO__Adopted Board File: __Agreement(s) Uploaded: __Partners and nature of Agreement(s): __Next Board cycle if agreement(s) not yet adopted: | AX2: 00 | AY2: NO | AZ2: NO | BA2: 00__Citations Addressed by Project?: NO__Description of Citation(s) addressed: | BB2: 03__Primary Asset Zip Code: 53207__Total Pop Srvd: 937014__Minority Pop Srvd: 411162__Addresses Racial Equity by: This project, as a part of the airport's infrastructure, works to enhance the County's fiscal health and sustainability. | BC2: YES | BD2: 00__NO | BE2: 03__YES__Project is included on the Spring 2026 Release of the Airport's Capital Strategic/ Master Plan | BF2: 00__NO____Deferred Maint issues addressed by project: | BG2: 0 | BH2: 53207 | BL2: SD04 | BM2: 0 | BN2: 0 | BO2: 0 | BP2: Milwaukee | BQ2: 0 | BR2: 0 | BS2: 0 | BT2: 5300 S Howell Ave | BU2: 0 | BV2: 0 | BW2: 0 | BX2: 00 | BY2: No Climate Reduction Impact reported by Requesting Department | BZ2: 0 | CA2: 00_No Climate Reduction Impact reported by Requesting Department | CD2: This project consists of the rehabilitation of Saver Lot A at Milwaukee Mitchell International Airport. The scope of work includes pavement rehabilitation, subgrade repair, underground utility improvements, fencing, pavement markings, and other associated work as required to complete this construction project. | CE2: N/A | CF2: KWAME AMEGASHITSI (BASED ON BIDS) | CG2: 1-FACILITIES MANAGEMENT (AE-EE-FM) | CH2: NA-0 | CI2: NA-0 | CJ2: 2026-1 | CK2: 2027-1 | CL2: 2027-4 | CM2: 2028-2 | CN2: 10 | CP2: LOW | CQ2: Yes | CR2: 1 | CS2: NO | CT2: 5/13/26 | CU2: 1-Facilities Management (AE-EE-FM) | CZ2: NO | DA2: NO | DB2: NO | DC2: NO
